Workbook

Sheet Осн. фін. пок.
E1: Додаток 3
E2: до Порядку складання, затвердження
E3: та контролю виконання фінансового плану
E4: суб'єкта господарювання державного сектору економіки
E5: (пункт 11)
G7: Рік | H7: Коди
A8: Підприємство | B8: ПрАТ "Українське Дунайське Пароплавство" | G8: за ЄДРПОУ | H8: 1125821
A9: Організаційно-правова форма | B9: Державне підприємство | G9: за КОПФГ | H9: 231
A10: Територія | B10: Одеська | G10: за КОАТУУ | H10: 5110600000
A11: Орган державного управління | B11: МІНІСТЕРСТВО ІНФРАСТРУКТУРИ УКРАЇНИ | G11: за СПОДУ | H11: 7214
A12: Галузь | B12: Морський транспорт | G12: за ЗКГНГ | H12: 51210
A13: Вид економічної діяльності | B13: Діяльність морського вантажного транспорту | G13: за КВЕД | H13: 50.20
A14: Одиниця виміру, тис. гривень | E14: Стандарти звітності П(с)БОУ | G14: V
A15: Форма власності | B15: ДЕРЖАВНА | E15: Стандарти звітності МСФЗ
A16: Середньооблікова кількість штатних працівників | B16: 1576
A17: Місцезнаходження | B17: вул. Пароходна, 28, м. Ізмаїл, Одеська обл., 68600, Україна
A18: Телефон | B18: (04841) 67-177
A19: Прізвище та ініціали керівника | B19: Д.С. Чалий
A21: ЗВІТ
A22: ПРО ВИКОНАННЯ ФІНАНСОВОГО ПЛАНУ
A23: ПрАТ "УДП"
A24: за Рік 2017
A25: Основні фінансові показники
A27: Найменування показника | B27: Код рядка | C27: Факт наростаючим підсумком з початку року | E27: Звітний період (2017 р.)
C28: минулий рік | D28: поточний рік | E28: план | F28: факт | G28: відхилення, +/– | H28: виконання, %
A29: 1 | B29: 2 | C29: 3 | D29: 4 | E29: 5 | F29: 6 | G29: 7 | H29: 8
A30: І. Формування фінансових результатів
A31: Чистий дохід від реалізації продукції (товарів, робіт, послуг) | B31: 1000 | C31: ='I. Формування фін. рез.'!C7 -> 642964 | D31: ='I. Формування фін. рез.'!D7 -> 781040 | E31: ='I. Формування фін. рез.'!E7 -> 676570 | F31: ='I. Формування фін. рез.'!F7 -> 781040 | G31: =F31-E31 -> 104470 | H31: =F31/E31*100 -> 115.44112
A32: Собівартість реалізованої продукції (товарів, робіт, послуг) | B32: 1010 | C32: ='I. Формування фін. рез.'!C8 -> -557660 | D32: ='I. Формування фін. рез.'!D8 -> -745030 | E32: ='I. Формування фін. рез.'!E8 -> -582350 | F32: ='I. Формування фін. рез.'!F8 -> -745030 | G32: =F32-E32 -> -162680 | H32: =F32/E32*100 -> 127.93509
A33: Валовий прибуток/збиток | B33: 1020 | C33: =SUM(C31:C32) -> 85304 | D33: =SUM(D31:D32) -> 36010 | E33: =SUM(E31:E32) -> 94220 | F33: =SUM(F31:F32) -> 36010 | G33: =F33-E33 -> -58210 | H33: =F33/E33*100 -> 38.219062
A34: Адміністративні витрати, у тому числі: | B34: 1030 | C34: ='I. Формування фін. рез.'!C21 -> -64322 | D34: ='I. Формування фін. рез.'!D21 -> -59693 | E34: ='I. Формування фін. рез.'!E21 -> -68405 | F34: ='I. Формування фін. рез.'!F21 -> -59693 | G34: =F34-E34 -> 8712 | H34: =F34/E34*100 -> 87.264089
A35: витрати, пов'язані з використанням власних службових автомобілів | B35: 1031 | C35: ='I. Формування фін. рез.'!C22 -> -1817.2 | D35: ='I. Формування фін. рез.'!D22 -> -1480.6 | E35: ='I. Формування фін. рез.'!E22 -> -1420 | F35: ='I. Формування фін. рез.'!F22 -> -1480.6 | G35: =F35-E35 -> -60.6 | H35: =F35/E35*100 -> 104.26761
A36: витрати на оренду службових автомобілів | B36: 1032 | C36: ='I. Формування фін. рез.'!C23 -> 0,0 | D36: ='I. Формування фін. рез.'!D23 -> 0,0 | E36: ='I. Формування фін. рез.'!E23 -> 0,0 | F36: ='I. Формування фін. рез.'!F23 -> 0,0 | G36: =F36-E36 -> 0 | H36: 0
A37: витрати на консалтингові послуги | B37: 1033 | C37: ='I. Формування фін. рез.'!C24 -> 0,0 | D37: ='I. Формування фін. рез.'!D24 -> 0,0 | E37: ='I. Формування фін. рез.'!E24 -> 0,0 | F37: ='I. Формування фін. рез.'!F24 -> 0,0 | G37: =F37-E37 -> 0 | H37: 0
A38: витрати на страхові послуги | B38: 1034 | C38: ='I. Формування фін. рез.'!C25 -> 0 | D38: ='I. Формування фін. рез.'!D25 -> 0,0 | E38: ='I. Формування фін. рез.'!E25 -> -20 | F38: ='I. Формування фін. рез.'!F25 -> 0,0 | G38: =F38-E38 -> 20 | H38: =F38/E38*100 -> 0
A39: витрати на аудиторські послуги | B39: 1035 | C39: ='I. Формування фін. рез.'!C26 -> 0 | D39: ='I. Формування фін. рез.'!D26 -> -1656.3 | E39: ='I. Формування фін. рез.'!E26 -> -350 | F39: ='I. Формування фін. рез.'!F26 -> -1656.3 | G39: =F39-E39 -> -1306.3 | H39: -
A40: Витрати на збут | B40: 1060 | C40: ='I. Формування фін. рез.'!C49 -> -11726 | D40: ='I. Формування фін. рез.'!D49 -> -10964 | E40: ='I. Формування фін. рез.'!E49 -> -8660 | F40: ='I. Формування фін. рез.'!F49 -> -10964 | G40: =F40-E40 -> -2304 | H40: =F40/E40*100 -> 126.60508
A41: Інші операційні доходи, у тому числі: | B41: 1070 | C41: ='I. Формування фін. рез.'!C58 -> 54910 | D41: ='I. Формування фін. рез.'!D58 -> 49382 | E41: ='I. Формування фін. рез.'!E58 -> 9515 | F41: ='I. Формування фін. рез.'!F58 -> 49382 | G41: =F41-E41 -> 39867 | H41: =F41/E41*100 -> 518.99107
A42: курсові різниці | B42: 1071 | C42: ='I. Формування фін. рез.'!C59 -> 28085.8 | D42: ='I. Формування фін. рез.'!D59 -> 26981.6 | E42: ='I. Формування фін. рез.'!E59 -> 0,0 | F42: ='I. Формування фін. рез.'!F59 -> 26981.6 | G42: =F42-E42 -> 26981.6 | H42: 0
A43: нетипові операційні доходи | B43: 1072 | C43: ='I. Формування фін. рез.'!C60 -> 0,0 | D43: ='I. Формування фін. рез.'!D60 -> 0,0 | E43: ='I. Формування фін. рез.'!E60 -> 0,0 | F43: ='I. Формування фін. рез.'!F60 -> 0,0 | G43: =F43-E43 -> 0 | H43: 0
A44: Інші операційні витрати, у тому числі: | B44: 1080 | C44: ='I. Формування фін. рез.'!C67 -> -54795 | D44: ='I. Формування фін. рез.'!D67 -> -46388 | E44: ='I. Формування фін. рез.'!E67 -> -4470 | F44: ='I. Формування фін. рез.'!F67 -> -46388 | G44: =F44-E44 -> -41918 | H44: =F44/E44*100 -> 1037.7629
A45: курсові різниці | B45: 1081 | C45: ='I. Формування фін. рез.'!C68 -> -28956.5 | D45: ='I. Формування фін. рез.'!D68 -> -28277 | E45: ='I. Формування фін. рез.'!E68 -> 0,0 | F45: ='I. Формування фін. рез.'!F68 -> -28277 | G45: =F45-E45 -> -28277 | H45: 0
A46: нетипові операційні витрати | B46: 1082 | C46: ='I. Формування фін. рез.'!C69 -> 0,0 | D46: ='I. Формування фін. рез.'!D69 -> 0,0 | E46: ='I. Формування фін. рез.'!E69 -> 0,0 | F46: ='I. Формування фін. рез.'!F69 -> 0,0 | G46: =F46-E46 -> 0 | H46: 0
A47: Фінансовий результат від операційної діяльності | B47: 1100 | C47: =C33+C34+C40+C41+C44 -> 9371 | D47: =D33+D34+D40+D41+D44 -> -31653 | E47: =E33+E34+E40+E41+E44 -> 22200 | F47: =F33+F34+F40+F41+F44 -> -31653 | G47: =F47-E47 -> -53853 | H47: =F47/E47*100 -> -142.58108
A48: EBITDA | B48: 1310 | C48: ='I. Формування фін. рез.'!C114 -> 22981.7 | D48: ='I. Формування фін. рез.'!D114 -> -15276.6 | E48: ='I. Формування фін. рез.'!E114 -> 34695 | F48: ='I. Формування фін. рез.'!F114 -> -15276.6 | G48: =F48-E48 -> -49971.6 | H48: =F48/E48*100 -> -44.031128
A49: Рентабельність EBITDA | B49: 5010 | C49: =C48/C31*100 -> 3.574337 | D49: =D48/D31*100 -> -1.9559306 | E49: =E48/E31*100 -> 5.1280725 | F49: =F48/F31*100 -> -1.9559306 | G49: =F49-E49 -> -7.084003 | H49: =F49/E49*100 -> -38.141632
A50: Дохід від участі в капіталі | B50: 1110 | C50: ='I. Формування фін. рез.'!C80 -> 0,0 | D50: ='I. Формування фін. рез.'!D80 -> 0,0 | E50: ='I. Формування фін. рез.'!E80 -> 0,0 | F50: ='I. Формування фін. рез.'!F80 -> 0,0 | G50: =F50-E50 -> 0 | H50: 0
A51: Втрати від участі в капіталі | B51: 1120 | C51: ='I. Формування фін. рез.'!C81 -> 0,0 | D51: ='I. Формування фін. рез.'!D81 -> 0,0 | E51: ='I. Формування фін. рез.'!E81 -> 0,0 | F51: ='I. Формування фін. рез.'!F81 -> 0,0 | G51: =F51-E51 -> 0 | H51: 0
A52: Інші фінансові доходи | B52: 1130 | C52: ='I. Формування фін. рез.'!C82 -> 7571 | D52: ='I. Формування фін. рез.'!D82 -> 13949 | E52: ='I. Формування фін. рез.'!E82 -> 9520 | F52: ='I. Формування фін. рез.'!F82 -> 13949 | G52: =F52-E52 -> 4429 | H52: -
A53: Фінансові витрати | B53: 1140 | C53: ='I. Формування фін. рез.'!C85 -> 0 | D53: ='I. Формування фін. рез.'!D85 -> -1286 | E53: ='I. Формування фін. рез.'!E85 -> -2910 | F53: ='I. Формування фін. рез.'!F85 -> -1286 | G53: =F53-E53 -> 1624 | H53: 0
A54: Інші доходи, усього, у тому числі: | B54: 1150 | C54: ='I. Формування фін. рез.'!C87 -> 11950 | D54: ='I. Формування фін. рез.'!D87 -> 28220 | E54: ='I. Формування фін. рез.'!E87 -> 120 | F54: ='I. Формування фін. рез.'!F87 -> 28220 | G54: =F54-E54 -> 28100 | H54: =F54/E54*100 -> 23516.667
A55: курсові різниці | B55: 1151 | C55: ='I. Формування фін. рез.'!C88 -> 593.4 | D55: ='I. Формування фін. рез.'!D88 -> 11.4 | E55: ='I. Формування фін. рез.'!E88 -> 0,0 | F55: ='I. Формування фін. рез.'!F88 -> 11.4 | G55: =F55-E55 -> 11.4 | H55: 0
A56: Інші витрати, усього, у тому числі: | B56: 1160 | C56: ='I. Формування фін. рез.'!C91 -> 1173 | D56: ='I. Формування фін. рез.'!D91 -> -5025 | E56: ='I. Формування фін. рез.'!E91 -> -5240 | F56: ='I. Формування фін. рез.'!F91 -> -5025 | G56: =F56-E56 -> 215 | H56: =F56/E56*100 -> 95.896947
A57: курсові різниці | B57: 1161 | C57: ='I. Формування фін. рез.'!C92 -> 0 | D57: ='I. Формування фін. рез.'!D92 -> -76.7 | E57: ='I. Формування фін. рез.'!E92 -> 0,0 | F57: ='I. Формування фін. рез.'!F92 -> -76.7 | G57: =F57-E57 -> -76.7 | H57: 0
A58: Фінансовий результат до оподаткування | B58: 1170 | C58: =SUM(C47,C50:C54,C56) -> 30065 | D58: =SUM(D47,D50:D54,D56) -> 4205 | E58: =SUM(E47,E50:E54,E56) -> 23690 | F58: =SUM(F47,F50:F54,F56) -> 4205 | G58: =F58-E58 -> -19485 | H58: =F58/E58*100 -> 17.750106
A59: Витрати з податку на прибуток | B59: 1180 | C59: ='I. Формування фін. рез.'!C97 -> 0 | D59: ='I. Формування фін. рез.'!D97 -> -2706 | E59: ='I. Формування фін. рез.'!E97 -> 0 | F59: ='I. Формування фін. рез.'!F97 -> -2706 | G59: =F59-E59 -> -2706 | H59: 0
A60: Дохід з податку на прибуток | B60: 1181 | C60: ='I. Формування фін. рез.'!C98 -> 0 | D60: ='I. Формування фін. рез.'!D98 -> -2706 | E60: ='I. Формування фін. рез.'!E98 -> 0 | F60: ='I. Формування фін. рез.'!F98 -> -2706 | G60: =F60-E60 -> -2706 | H60: 0
A61: Прибуток від припиненої діяльності після оподаткування | B61: 1190 | C61: ='I. Формування фін. рез.'!C99 -> 0 | D61: ='I. Формування фін. рез.'!D99 -> 0 | E61: ='I. Формування фін. рез.'!E99 -> 0 | F61: ='I. Формування фін. рез.'!F99 -> 0 | G61: =F61-E61 -> 0 | H61: 0
A62: Збиток від припиненої діяльності після оподаткування | B62: 1191 | C62: ='I. Формування фін. рез.'!C100 -> 0 | D62: ='I. Формування фін. рез.'!D100 -> 0 | E62: ='I. Формування фін. рез.'!E100 -> 0 | F62: ='I. Формування фін. рез.'!F100 -> 0 | G62: =F62-E62 -> 0 | H62: 0
A63: Чистий фінансовий результат | B63: 1200 | C63: =SUM(C58:C62) -> 30065 | D63: =SUM(D58:D59) -> 1499 | E63: =SUM(E58:E62) -> 23690 | F63: =SUM(F58:F59) -> 1499 | G63: =F63-E63 -> -22191 | H63: =F63/E63*100 -> 6.3275644
A64: Прибуток | B64: 1201 | C64: ='I. Формування фін. рез.'!C102 -> 30065 | D64: ='I. Формування фін. рез.'!D102 -> 1499 | E64: ='I. Формування фін. рез.'!E102 -> 23690 | F64: ='I. Формування фін. рез.'!F102 -> 1499 | G64: =F64-E64 -> -22191 | H64: -
A65: Збиток | B65: 1202 | C65: ='I. Формування фін. рез.'!C103 -> 0 | D65: ='I. Формування фін. рез.'!D103 -> 0 | E65: ='I. Формування фін. рез.'!E103 -> 0 | F65: ='I. Формування фін. рез.'!F103 -> 0 | G65: =F65-E65 -> 0 | H65: 0
A66: Усього доходів | B66: 1210 | C66: ='I. Формування фін. рез.'!C104 -> 717395 | D66: ='I. Формування фін. рез.'!D104 -> 872591 | E66: ='I. Формування фін. рез.'!E104 -> 695725 | F66: ='I. Формування фін. рез.'!F104 -> 872591 | G66: =F66-E66 -> 176866 | H66: =F66/E66*100 -> 125.42183
A67: Усього витрат | B67: 1220 | C67: ='I. Формування фін. рез.'!C105 -> -687330 | D67: ='I. Формування фін. рез.'!D105 -> -871092 | E67: ='I. Формування фін. рез.'!E105 -> -672035 | F67: ='I. Формування фін. рез.'!F105 -> -871092 | G67: =F67-E67 -> -199057 | H67: =F67/E67*100 -> 129.62003
A68: Неконтрольована частка | B68: 1230 | C68: ='I. Формування фін. рез.'!C106 -> 0,0 | D68: ='I. Формування фін. рез.'!D106 -> 0,0 | E68: ='I. Формування фін. рез.'!E106 -> 0,0 | F68: ='I. Формування фін. рез.'!F106 -> 0,0 | G68: =F68-E68 -> 0 | H68: 0
A69: Елементи операційних витрат
A70: Матеріальні витрати, у тому числі: | B70: 1400 | C70: ='I. Формування фін. рез.'!C116 -> 99982 | D70: ='I. Формування фін. рез.'!D116 -> 142858 | E70: ='I. Формування фін. рез.'!E116 -> 104685 | F70: ='I. Формування фін. рез.'!F116 -> 142858 | G70: =F70-E70 -> 38173 | H70: =F70/E70*100 -> 136.46463
A71: витрати на сировину та основні матеріали | B71: 1401 | C71: ='I. Формування фін. рез.'!C117 -> 18548.6 | D71: ='I. Формування фін. рез.'!D117 -> 24689.4 | E71: ='I. Формування фін. рез.'!E117 -> 19715 | F71: ='I. Формування фін. рез.'!F117 -> 24689.4 | G71: =F71-E71 -> 4974.4 | H71: =F71/E71*100 -> 125.23155
A72: витрати на паливо та енергію | B72: 1402 | C72: ='I. Формування фін. рез.'!C118 -> 33660.4 | D72: ='I. Формування фін. рез.'!D118 -> 46762 | E72: ='I. Формування фін. рез.'!E118 -> 36935 | F72: ='I. Формування фін. рез.'!F118 -> 46762 | G72: =F72-E72 -> 9827 | H72: =F72/E72*100 -> 126.6062
A73: Витрати на оплату праці | B73: 1410 | C73: ='I. Формування фін. рез.'!C119 -> 101106 | D73: ='I. Формування фін. рез.'!D119 -> 115120 | E73: ='I. Формування фін. рез.'!E119 -> 96085 | F73: ='I. Формування фін. рез.'!F119 -> 115120 | G73: =F73-E73 -> 19035 | H73: =F73/E73*100 -> 119.81058
A74: Відрахування на соціальні заходи | B74: 1420 | C74: ='I. Формування фін. рез.'!C120 -> 32702 | D74: ='I. Формування фін. рез.'!D120 -> 25719 | E74: ='I. Формування фін. рез.'!E120 -> 21140 | F74: ='I. Формування фін. рез.'!F120 -> 25719 | G74: =F74-E74 -> 4579 | H74: =F74/E74*100 -> 121.66036
A75: Амортизація | B75: 1430 | C75: ='I. Формування фін. рез.'!C121 -> 12740 | D75: ='I. Формування фін. рез.'!D121 -> 15081 | E75: ='I. Формування фін. рез.'!E121 -> 12495 | F75: ='I. Формування фін. рез.'!F121 -> 15081 | G75: =F75-E75 -> 2586 | H75: =F75/E75*100 -> 120.69628
A76: Інші операційні витрати | B76: 1440 | C76: ='I. Формування фін. рез.'!C122 -> 441973 | D76: ='I. Формування фін. рез.'!D122 -> 563297 | E76: ='I. Формування фін. рез.'!E122 -> 428105 | F76: ='I. Формування фін. рез.'!F122 -> 563297 | G76: =F76-E76 -> 135192 | H76: =F76/E76*100 -> 131.57917
A77: Усього | B77: 1450 | C77: =SUM(C70,C73:C76) -> 688503 | D77: =SUM(D70,D73:D76) -> 862075 | E77: =SUM(E70,E73:E76) -> 662510 | F77: =SUM(F70,F73:F76) -> 862075 | G77: =F77-E77 -> 199565 | H77: =F77/E77*100 -> 130.12256
A78: IІ. Розрахунки з бюджетом
A79: Розподіл чистого прибутку
A80: Залишок нерозподіленого прибутку (непокритого збитку) на початок звітного періоду | B80: 2000 | C80: ='ІІ. Розр. з бюджетом'!C7 -> -746633 | D80: ='ІІ. Розр. з бюджетом'!D7 -> -720534 | E80: ='ІІ. Розр. з бюджетом'!E7 -> -741973 | F80: ='ІІ. Розр. з бюджетом'!F7 -> -720534 | G80: =F80-E80 -> 21439 | H80: =F80/E80*100 -> 97.110542
A81: Нараховані до сплати відрахування частини чистого прибутку, усього, у тому числі: | B81: 2010 | C81: ='ІІ. Розр. з бюджетом'!C8 -> 0 | D81: ='ІІ. Розр. з бюджетом'!D8 -> -15032.5 | E81: ='ІІ. Розр. з бюджетом'!E8 -> -22395 | F81: ='ІІ. Розр. з бюджетом'!F8 -> -15032.5 | G81: =F81-E81 -> 7362.5 | H81: 0
A82: державними унітарними підприємствами та їх об'єднаннями до державного бюджету | B82: 2011 | C82: ='ІІ. Розр. з бюджетом'!C9 -> 0,0 | D82: ='ІІ. Розр. з бюджетом'!D9 -> 0,0 | E82: ='ІІ. Розр. з бюджетом'!E9 -> 0,0 | F82: ='ІІ. Розр. з бюджетом'!F9 -> 0,0 | G82: =F82-E82 -> 0 | H82: 0
A83: господарськими товариствами, у статутному капіталі яких більше 50 відсотків акцій (часток, паїв) належать державі, на виплату дивідендів | B83: 2012 | C83: ='ІІ. Розр. з бюджетом'!C10 -> 0,0 | D83: ='ІІ. Розр. з бюджетом'!D10 -> -15032.5 | E83: ='ІІ. Розр. з бюджетом'!E10 -> -22395 | F83: ='ІІ. Розр. з бюджетом'!F10 -> -15032.5 | G83: =F83-E83 -> 7362.5 | H83: 0
A84: у тому числі на державну частку | B84: 2012/1 | C84: ='ІІ. Розр. з бюджетом'!C11 -> 0,0 | D84: ='ІІ. Розр. з бюджетом'!D11 -> 0,0 | E84: ='ІІ. Розр. з бюджетом'!E11 -> -22395 | F84: ='ІІ. Розр. з бюджетом'!F11 -> 0,0 | G84: =F84-E84 -> 22395 | H84: 0
A85: Перенесено з додаткового капіталу | B85: 2020 | C85: ='ІІ. Розр. з бюджетом'!C12 -> 0,0 | D85: ='ІІ. Розр. з бюджетом'!D12 -> 0,0 | E85: ='ІІ. Розр. з бюджетом'!E12 -> 0,0 | F85: ='ІІ. Розр. з бюджетом'!F12 -> 0,0 | G85: =F85-E85 -> 0 | H85: 0
A86: Розвиток виробництва | B86: 2030 | C86: ='ІІ. Розр. з бюджетом'!C13 -> 0,0 | D86: ='ІІ. Розр. з бюджетом'!D13 -> 0,0 | E86: ='ІІ. Розр. з бюджетом'!E13 -> -1000 | F86: ='ІІ. Розр. з бюджетом'!F13 -> 0,0 | G86: =F86-E86 -> 1000 | H86: 0
A87: Резервний фонд | B87: 2040 | C87: ='ІІ. Розр. з бюджетом'!C15 -> 0,0 | D87: ='ІІ. Розр. з бюджетом'!D15 -> 0,0 | E87: ='ІІ. Розр. з бюджетом'!E15 -> 0,0 | F87: ='ІІ. Розр. з бюджетом'!F15 -> 0,0 | G87: =F87-E87 -> 0 | H87: 0
A88: Інші фонди | B88: 2050 | C88: ='ІІ. Розр. з бюджетом'!C16 -> 0,0 | D88: ='ІІ. Розр. з бюджетом'!D16 -> 0,0 | E88: ='ІІ. Розр. з бюджетом'!E16 -> 0,0 | F88: ='ІІ. Розр. з бюджетом'!F16 -> 0,0 | G88: =F88-E88 -> 0 | H88: 0
A89: Інші цілі | B89: 2060 | C89: ='ІІ. Розр. з бюджетом'!C17 -> -3966 | D89: ='ІІ. Розр. з бюджетом'!D17 -> -497.5 | E89: ='ІІ. Розр. з бюджетом'!E17 -> 0 | F89: ='ІІ. Розр. з бюджетом'!F17 -> -497.5 | G89: =F89-E89 -> -497.5 | H89: 0
A90: Залишок нерозподіленого прибутку (непокритого збитку) на кінець звітного періоду | B90: 2070 | C90: ='ІІ. Розр. з бюджетом'!C20 -> -720534 | D90: ='ІІ. Розр. з бюджетом'!D20 -> -734565 | E90: ='ІІ. Розр. з бюджетом'!E20 -> -741678 | F90: ='ІІ. Розр. з бюджетом'!F20 -> -734565 | G90: =F90-E90 -> 7113 | H90: =F90/E90*100 -> 99.040958
A91: Сплата податків, зборів та інших обов'язкових платежів
A92: Сплата податків та зборів до Державного бюджету України (податкові платежі), усього, у тому числі: | B92: 2110 | C92: ='ІІ. Розр. з бюджетом'!C22 -> 5355.4 | D92: ='ІІ. Розр. з бюджетом'!D22 -> 1905.1 | E92: ='ІІ. Розр. з бюджетом'!E22 -> 2795 | F92: ='ІІ. Розр. з бюджетом'!F22 -> 1905.1 | G92: =F92-E92 -> -889.9 | H92: =F92/E92*100 -> 68.161002
A93: податок на прибуток підприємств | B93: 2111 | C93: ='ІІ. Розр. з бюджетом'!C23 -> 3866.1 | D93: ='ІІ. Розр. з бюджетом'!D23 -> 2716.2 | E93: ='ІІ. Розр. з бюджетом'!E23 -> 4030 | F93: ='ІІ. Розр. з бюджетом'!F23 -> 2716.2 | G93: =F93-E93 -> -1313.8 | H93: 0
A94: ПДВ, що підлягає сплаті до бюджету за підсумками звітного періоду | B94: 2112 | C94: ='ІІ. Розр. з бюджетом'!C24 -> 0 | D94: ='ІІ. Розр. з бюджетом'!D24 -> 0 | E94: ='ІІ. Розр. з бюджетом'!E24 -> 0 | F94: ='ІІ. Розр. з бюджетом'!F24 -> 0 | G94: =F94-E94 -> 0 | H94: 0
A95: ПДВ, що підлягає відшкодуванню з бюджету за підсумками звітного періоду | B95: 2113 | C95: ='ІІ. Розр. з бюджетом'!C25 -> -5446.6 | D95: ='ІІ. Розр. з бюджетом'!D25 -> -8383.2 | E95: ='ІІ. Розр. з бюджетом'!E25 -> -7000 | F95: ='ІІ. Розр. з бюджетом'!F25 -> -8383.2 | G95: =F95-E95 -> -1383.2 | H95: =F95/E95*100 -> 119.76
A96: акцизний податок | B96: 2114 | C96: ='ІІ. Розр. з бюджетом'!C26 -> 112.6 | D96: ='ІІ. Розр. з бюджетом'!D26 -> 203.7 | E96: ='ІІ. Розр. з бюджетом'!E26 -> 0 | F96: ='ІІ. Розр. з бюджетом'!F26 -> 203.7 | G96: =F96-E96 -> 203.7 | H96: 0
A97: відрахування частини чистого прибутку державними унітарними підприємствами та їх об'єднаннями | B97: 2115 | C97: ='ІІ. Розр. з бюджетом'!C27 -> 0,0 | D97: ='ІІ. Розр. з бюджетом'!D27 -> 0,0 | E97: ='ІІ. Розр. з бюджетом'!E27 -> 0,0 | F97: ='ІІ. Розр. з бюджетом'!F27 -> 0,0 | G97: =F97-E97 -> 0 | H97: 0
A98: рентна плата за транспортування | B98: 2116 | C98: ='ІІ. Розр. з бюджетом'!C28 -> 0,0 | D98: ='ІІ. Розр. з бюджетом'!D28 -> 0,0 | E98: ='ІІ. Розр. з бюджетом'!E28 -> 0,0 | F98: ='ІІ. Розр. з бюджетом'!F28 -> 0,0 | G98: =F98-E98 -> 0 | H98: 0
A99: рентна плата за користування надрами | B99: 2117 | C99: ='ІІ. Розр. з бюджетом'!C29 -> 0,0 | D99: ='ІІ. Розр. з бюджетом'!D29 -> 0,0 | E99: ='ІІ. Розр. з бюджетом'!E29 -> 0,0 | F99: ='ІІ. Розр. з бюджетом'!F29 -> 0,0 | G99: =F99-E99 -> 0 | H99: 0
A100: Сплата податків та зборів до місцевих бюджетів (податкові платежі) | B100: 2120 | C100: ='ІІ. Розр. з бюджетом'!C33 -> 23898.1 | D100: ='ІІ. Розр. з бюджетом'!D33 -> 27192.8 | E100: ='ІІ. Розр. з бюджетом'!E33 -> 21535 | F100: ='ІІ. Розр. з бюджетом'!F33 -> 27192.8 | G100: =F100-E100 -> 5657.8 | H100: =F100/E100*100 -> 126.27258
A101: Інші податки, збори та платежі на користь держави, усього, у тому числі: | B101: 2130 | C101: ='ІІ. Розр. з бюджетом'!C40 -> 45894.8 | D101: ='ІІ. Розр. з бюджетом'!D40 -> 43640.3 | E101: ='ІІ. Розр. з бюджетом'!E40 -> 43535 | F101: ='ІІ. Розр. з бюджетом'!F40 -> 43640.3 | G101: =F101-E101 -> 105.3 | H101: =F101/E101*100 -> 100.24187
A102: відрахування частини чистого прибутку господарськими товариствами, у статутному капіталі яких більше 50 відсотків акцій (часток, паїв) належать державі, на виплату дивідендів на державну частку | B102: 2131 | C102: ='ІІ. Розр. з бюджетом'!C41 -> 17201.3 | D102: ='ІІ. Розр. з бюджетом'!D41 -> 15032.5 | E102: ='ІІ. Розр. з бюджетом'!E41 -> 22395 | F102: ='ІІ. Розр. з бюджетом'!F41 -> 15032.5 | G102: =F102-E102 -> -7362.5 | H102: 0
A103: єдиний внесок на загальнообов'язкове державне соціальне страхування | B103: 2133 | C103: ='ІІ. Розр. з бюджетом'!C43 -> 28693.5 | D103: ='ІІ. Розр. з бюджетом'!D43 -> 28607.8 | E103: ='ІІ. Розр. з бюджетом'!E43 -> 21140 | F103: ='ІІ. Розр. з бюджетом'!F43 -> 28607.8 | G103: =F103-E103 -> 7467.8 | H103: =F103/E103*100 -> 135.32545
...

Sheet I. Формування фін. рез.
A1: I. Формування фінансових результатів
A3: Найменування показника | B3: Код рядка | C3: Факт наростаючим підсумком з початку року | E3: ='Осн. фін. пок.'!E27:H27 -> Звітний період (2017 р.) | I3: Пояснення та обґрунтування до запланованого рівня доходів/витрат
C4: минулий рік | D4: поточний рік | E4: план | F4: факт | G4: відхилення, +/– | H4: виконання, %
A5: 1 | B5: 2 | C5: 3 | D5: 4 | E5: 5 | F5: 6 | G5: 7 | H5: 8 | I5: 9
A6: Доходи і витрати (деталізація)
A7: Чистий дохід від реалізації продукції (товарів, робіт, послуг) (розшифрувати) | B7: 1000 | C7: 642964 | D7: 781040 | E7: 676570 | F7: =D7 -> 781040 | G7: =F7-E7 -> 104470 | H7: =F7/E7*100 -> 115.44112
A8: Собівартість реалізованої продукції (товарів, робіт, послуг) | B8: 1010 | C8: =SUM(C9:C16) -> -557660 | D8: =SUM(D9:D16) -> -745030 | E8: =SUM(E9:E16) -> -582350 | F8: =D8 -> -745030 | G8: =F8-E8 -> -162680 | H8: =F8/E8*100 -> 127.93509
A9: Витрати на сировину та основні матеріали | B9: 1011 | C9: -17379.5 | D9: -23178.2 | E9: -20110 | F9: =D9 -> -23178.2 | G9: =F9-E9 -> -3068.2 | H9: =F9/E9*100 -> 115.25709
A10: Витрати на паливо | B10: 1012 | C10: -26169.8 | D10: -37172.3 | E10: -27675 | F10: =D10 -> -37172.3 | G10: =F10-E10 -> -9497.3 | H10: =F10/E10*100 -> 134.31725
A11: Витрати на електроенергію | B11: 1013 | C11: -7490.6 | D11: -9589.7 | E11: -6655 | F11: =D11 -> -9589.7 | G11: =F11-E11 -> -2934.7 | H11: =F11/E11*100 -> 144.09767
A12: Витрати на оплату праці | B12: 1014 | C12: -75859.2 | D12: -83690.9 | E12: -69405 | F12: =D12 -> -83690.9 | G12: =F12-E12 -> -14285.9 | H12: =F12/E12*100 -> 120.58339
A13: Відрахування на соціальні заходи | B13: 1015 | C13: -17060.7 | D13: -19171.8 | E13: -15490 | F13: =D13 -> -19171.8 | G13: =F13-E13 -> -3681.8 | H13: =F13/E13*100 -> 123.76888
A14: Витрати, що здійснюються для підтримання об’єкта в робочому стані (проведення ремонту, технічного огляду, нагляду, обслуговування тощо) | B14: 1016 | C14: -76106.3 | D14: -112061.4 | E14: -73900 | F14: =D14 -> -112061.4 | G14: =F14-E14 -> -38161.4 | H14: =F14/E14*100 -> 151.63924
A15: Амортизація основних засобів і нематеріальних активів | B15: 1017 | C15: -11683.8 | D15: -14230.7 | E15: -11790 | F15: =D15 -> -14230.7 | G15: =F15-E15 -> -2440.7 | H15: =F15/E15*100 -> 120.70144
A16: інші витрати (розшифрувати) | B16: 1018 | C16: =SUM(C17:C19) -> -325910.1 | D16: =SUM(D17:D19) -> -445935 | E16: =SUM(E17:E19) -> -357325 | F16: =D16 -> -445935 | G16: =F16-E16 -> -88610 | H16: =F16/E16*100 -> 124.79815
A17: виплата інвалюти замість добових | B17: 1018/1 | C17: -22247 | D17: -32894.8 | E17: -20670 | F17: =D17 -> -32894.8 | G17: =F17-E17 -> -12224.8 | H17: =F17/E17*100 -> 159.14272
A18: навігаційні, канальні, стивідорні, лінійне буксирування | B18: 1018/2 | C18: -244382.3 | D18: -331182.9 | E18: -303375 | F18: =D18 -> -331182.9 | G18: =F18-E18 -> -27807.9 | H18: =F18/E18*100 -> 109.16618
A19: інші | B19: 1018/3 | C19: -59280.8 | D19: -81857.3 | E19: =-336655+303375 -> -33280 | F19: =D19 -> -81857.3 | G19: =F19-E19 -> -48577.3 | H19: =F19/E19*100 -> 245.96544 | I19: Собівартість реалізованих товарів (металобрухт від розділу барж по дозволам 2016 р.) - 6 241,2; туристичне обслуговування - 17 770,8; харчування пасажирів, утримання ресторанів, барів - 25 370,8; спецфонд-2 816,5; раціон кол. харчування - 8 509,2; страхування - 7 271,3; мастила - 1 957,0; послуги зі сторони - 1 897,6; охорона праці-470,2; відрядження - 719,3; утримання засобів зв҆язку - 251,9; контрагентські - 4 080,3; списання матеріалів при наданні послуг пасажирам- 195,1; медичні - 398,1; податки -1 447,5; санінструктаж, ветпослуги - 185,0; інші - 2 275,5
A20: Валовий прибуток (збиток) | B20: 1020 | C20: =SUM(C7,C8) -> 85304 | D20: =SUM(D7,D8) -> 36010 | E20: =SUM(E7,E8) -> 94220 | F20: =D20 -> 36010 | G20: =F20-E20 -> -58210 | H20: =F20/E20*100 -> 38.219062
A21: Адміністративні витрати, у тому числі: | B21: 1030 | C21: =SUM(C22:C41,C43) -> -64322 | D21: =SUM(D22:D41,D43) -> -59693 | E21: =SUM(E22:E41,E43) -> -68405 | F21: =D21 -> -59693 | G21: =F21-E21 -> 8712 | H21: =F21/E21*100 -> 87.264089
A22: витрати, пов'язані з використанням власних службових автомобілів | B22: 1031 | C22: -1817.2 | D22: -1480.6 | E22: -1420 | F22: =D22 -> -1480.6 | G22: =F22-E22 -> -60.6 | H22: =F22/E22*100 -> 104.26761
A23: витрати на оренду службових автомобілів | B23: 1032 | C23: 0,0 | D23: 0,0 | E23: 0,0 | F23: =D23 -> 0,0 | G23: =F23-E23 -> 0 | H23: 0
A24: витрати на консалтингові послуги | B24: 1033 | C24: 0,0 | D24: 0,0 | E24: 0,0 | F24: =D24 -> 0,0 | G24: =F24-E24 -> 0 | H24: 0
A25: витрати на страхові послуги | B25: 1034 | C25: 0 | D25: 0,0 | E25: -20 | F25: =D25 -> 0,0 | G25: =F25-E25 -> 20 | H25: =F25/E25*100 -> 0
A26: витрати на аудиторські послуги | B26: 1035 | C26: 0 | D26: -1656.3 | E26: -350 | F26: =D26 -> -1656.3 | G26: =F26-E26 -> -1306.3 | H26: -
A27: витрати на службові відрядження | B27: 1036 | C27: -1538.2 | D27: -2248.2 | E27: -1400 | F27: =D27 -> -2248.2 | G27: =F27-E27 -> -848.2 | H27: =F27/E27*100 -> 160.58571
A28: витрати на зв’язок | B28: 1037 | C28: -303.1 | D28: -284.1 | E28: -260 | F28: =D28 -> -284.1 | G28: =F28-E28 -> -24.1 | H28: =F28/E28*100 -> 109.26923
A29: витрати на оплату праці | B29: 1038 | C29: -22358.9 | D29: -24397.9 | E29: -23040 | F29: =D29 -> -24397.9 | G29: =F29-E29 -> -1357.9 | H29: =F29/E29*100 -> 105.89366
A30: відрахування на соціальні заходи | B30: 1039 | C30: -4705.9 | D30: -5223.7 | E30: -5070 | F30: =D30 -> -5223.7 | G30: =F30-E30 -> -153.7 | H30: =F30/E30*100 -> 103.03156
A31: амортизація основних засобів і нематеріальних активів загальногосподарського призначення | B31: 1040 | C31: -618.5 | D31: -631.1 | E31: -515 | F31: =D31 -> -631.1 | G31: =F31-E31 -> -116.1 | H31: =F31/E31*100 -> 122.54369
A32: витрати на операційну оренду основних засобів та роялті, що мають загальногосподарське призначення | B32: 1041 | C32: 0,0 | D32: 0,0 | E32: 0,0 | F32: =D32 -> 0,0 | G32: =F32-E32 -> 0 | H32: 0
A33: витрати на страхування майна загальногосподарського призначення | B33: 1042 | C33: 0,0 | D33: 0,0 | E33: 0,0 | F33: =D33 -> 0,0 | G33: =F33-E33 -> 0 | H33: 0
A34: витрати на страхування загальногосподарського персоналу | B34: 1043 | C34: 0,0 | D34: 0,0 | E34: 0,0 | F34: =D34 -> 0,0 | G34: =F34-E34 -> 0 | H34: 0
A35: організаційно-технічні послуги | B35: 1044 | C35: 0,0 | D35: 0,0 | E35: 0,0 | F35: =D35 -> 0,0 | G35: =F35-E35 -> 0 | H35: 0
A36: консультаційні та інформаційні послуги | B36: 1045 | C36: -240 | D36: -274.9 | E36: -100 | F36: =D36 -> -274.9 | G36: =F36-E36 -> -174.9 | H36: =F36/E36*100 -> 274.9
A37: юридичні послуги | B37: 1046 | C37: -2436 | D37: -2396.5 | E37: -920 | F37: =D37 -> -2396.5 | G37: =F37-E37 -> -1476.5 | H37: =F37/E37*100 -> 260.48913
A38: послуги з оцінки майна | B38: 1047 | C38: -874.8 | D38: -24 | E38: 0,0 | F38: =D38 -> -24 | G38: =F38-E38 -> -24 | H38: 0
A39: витрати на охорону праці загальногосподарського персоналу | B39: 1048 | C39: -2 | D39: 0 | E39: 0,0 | F39: =D39 -> 0 | G39: =F39-E39 -> 0 | H39: 0
A40: витрати на підвищення кваліфікації та перепідготовку кадрів | B40: 1049 | C40: -48.5 | D40: -81.5 | E40: -95 | F40: =D40 -> -81.5 | G40: =F40-E40 -> 13.5 | H40: =F40/E40*100 -> 85.789474
A41: витрати на утримання основних фондів, інших необоротних активів загальногосподарського використання, у тому числі: | B41: 1050 | C41: -2766.7 | D41: -3149.8 | E41: -2775 | F41: =D41 -> -3149.8 | G41: =F41-E41 -> -374.8 | H41: =F41/E41*100 -> 113.50631 | I41: Електроенергія - 1 456,6; утримання газової котельні- 468,4; ремонт- 645,6; інші- 579,2
A42: витрати на поліпшення основних фондів | B42: 1050/1 | C42: -483.7 | D42: -645.6 | E42: -300 | F42: =D42 -> -645.6 | G42: =F42-E42 -> -345.6 | H42: =F42/E42*100 -> 215.2
A43: інші адміністративні витрати (розшифрувати) | B43: 1051 | C43: =SUM(C44:C48) -> -26612.2 | D43: =SUM(D44:D48) -> -17844.4 | E43: =SUM(E44:E48) -> -32440 | F43: =D43 -> -17844.4 | G43: =F43-E43 -> 14595.6 | H43: =F43/E43*100 -> 55.007398
A44: сировина та матеріали | B44: 1051/1 | C44: -1169.1 | D44: -1511.2 | E44: -800 | F44: =D44 -> -1511.2 | G44: =F44-E44 -> -711.2 | H44: =F44/E44*100 -> 188.9
A45: податки та платежі | B45: 1051/2 | C45: -19742.4 | D45: -8583.4 | E45: -25765 | F45: =D45 -> -8583.4 | G45: =F45-E45 -> 17181.6 | H45: =F45/E45*100 -> 33.314186
A46: послуги охорони та зберігання майна | B46: 1051/3 | C46: -685.9 | D46: -2259.1 | E46: -500 | F46: =D46 -> -2259.1 | G46: =F46-E46 -> -1759.1 | H46: =F46/E46*100 -> 451.82
A47: послуги банку | B47: 1051/4 | C47: -2485.3 | D47: -2438.7 | E47: -2125 | F47: =D47 -> -2438.7 | G47: =F47-E47 -> -313.7 | H47: =F47/E47*100 -> 114.76235
A48: інші | B48: 1051/5 | C48: -2529.5 | D48: =-123.6-204.4-977.5-1746.5 -> -3052 | E48: -3250 | F48: =D48 -> -3052 | G48: =F48-E48 -> 198 | H48: =F48/E48*100 -> 93.907692 | I48: Проектні роботи (будівництво баржі типу SLG) - 420,0; послуги з проведення аукціону (реалізація морських суден за договорами 2014 р.) - 450,0; пільгова пенсія КСБСРЗ - 977,5; оплата перших 5 днів лікарняних -123,6; представницькі- 204,4; канцелярські, поштово-телеграфні витрати - 168,6; право користув. програм. забезпечен. - 58,7; витрати на утримання засобів зв҆ язку - 265,8; Регістр - 67,1; утримання газети "Дунаєць" - 86,5; інші - 229,8
A49: Витрати на збут, у тому числі: | B49: 1060 | C49: =SUM(C50:C56) -> -11726 | D49: =SUM(D50:D56) -> -10964 | E49: =SUM(E50:E56) -> -8660 | F49: =D49 -> -10964 | G49: =F49-E49 -> -2304 | H49: =F49/E49*100 -> 126.60508
A50: транспортні витрати | B50: 1061 | C50: 0,0 | D50: 0,0 | E50: 0,0 | F50: =D50 -> 0,0 | G50: =F50-E50 -> 0 | H50: 0
A51: витрати на зберігання та упаковку | B51: 1062 | C51: 0,0 | D51: 0,0 | E51: 0,0 | F51: =D51 -> 0,0 | G51: =F51-E51 -> 0 | H51: 0
A52: витрати на оплату праці | B52: 1063 | C52: -318.2 | D52: -268.4 | E52: -270 | F52: =D52 -> -268.4 | G52: =F52-E52 -> 1.6 | H52: =F52/E52*100 -> 99.407407
A53: відрахування на соціальні заходи | B53: 1064 | C53: -68.7 | D53: -58.5 | E53: -60 | F53: =D53 -> -58.5 | G53: =F53-E53 -> 1.5 | H53: =F53/E53*100 -> 97.5
A54: амортизація основних засобів і нематеріальних активів | B54: 1065 | C54: -10.1 | D54: -13.5 | E54: -10 | F54: =D54 -> -13.5 | G54: =F54-E54 -> -3.5 | H54: -
A55: витрати на рекламу | B55: 1066 | C55: -15.1 | D55: -5.9 | E55: -110 | F55: =D55 -> -5.9 | G55: =F55-E55 -> 104.1 | H55: =F55/E55*100 -> 5.3636364
A56: інші витрати на збут (розшифрувати) | B56: 1067 | C56: =C57 -> -11313.9 | D56: =SUM(D57) -> -10617.7 | E56: =SUM(E57) -> -8210 | F56: =D56 -> -10617.7 | G56: =F56-E56 -> -2407.7 | H56: =F56/E56*100 -> 129.32643
A57: інші | B57: 1067/1 | C57: -11313.9 | D57: =-10123.9-493.5-0.3 -> -10617.7 | E57: -8210 | F57: =D57 -> -10617.7 | G57: =F57-E57 -> -2407.7 | H57: =F57/E57*100 -> 129.32643 | I57: Комісійні з фрахту-10 123,9; проведення торгів КСБСРЗ - 263,0; форс-мажор т/х "Молдавія"-230,6, інші -0,2
A58: Інші операційні доходи, усього, у тому числі: | B58: 1070 | C58: =SUM(C59:C60,C61) -> 54910 | D58: =SUM(D59:D60,D61) -> 49382 | E58: =SUM(E59:E60,E61) -> 9515 | F58: =D58 -> 49382 | G58: =F58-E58 -> 39867 | H58: =F58/E58*100 -> 518.99107
A59: курсові різниці | B59: 1071 | C59: 28085.8 | D59: 26981.6 | E59: 0,0 | F59: =D59 -> 26981.6 | G59: =F59-E59 -> 26981.6 | H59: 0
A60: нетипові операційні доходи (розшифрувати) | B60: 1072 | C60: 0,0 | D60: 0,0 | E60: 0,0 | F60: =D60 -> 0,0 | G60: =F60-E60 -> 0 | H60: 0
A61: інші операційні доходи (розшифрувати) | B61: 1073 | C61: =SUM(C62:C66) -> 26824.2 | D61: =SUM(D62:D66) -> 22400.4 | E61: 9515 | F61: =D61 -> 22400.4 | G61: =F61-E61 -> 12885.4 | H61: =F61/E61*100 -> 235.42197
A62: від реалізації оборотних активів | B62: 1073/1 | C62: 15636.1 | D62: 13430.5 | E62: 5820 | F62: =D62 -> 13430.5 | G62: =F62-E62 -> 7610.5 | H62: =F62/E62*100 -> 230.7646 | I62: Реалізація залишків палива при передачі суден у чартер, при реалізації - 4 491,6; реалізація металобрухту від списання майна - 8 255,0; КСБСРЗ - 683,9
A63: від операційної оренди активів | B63: 1073/2 | C63: 2493.9 | D63: 2553 | E63: 1985 | F63: =D63 -> 2553 | G63: =F63-E63 -> 568 | H63: =F63/E63*100 -> 128.61461 | I63: Оренда приміщень адміністративних будинків, автомашин тощо - 1 318,9; оренда приміщень Учбового центру - 1 019,6; КСБСРЗ - 214,5
A64: суми штрафів, пені, неустойок та інших санкцій за порушення господарських договорів, які одержано від боржників за рішенням судів | B64: 1073/3 | C64: 99.3 | D64: 590.8 | E64: 0,0 | F64: =D64 -> 590.8 | G64: =F64-E64 -> 590.8 | H64: 0
A65: дохід від списання кредиторської заборгованості, щодо якої минув строк позову | B65: 1073/4 | C65: 1249.7 | D65: 698.5 | E65: 0,0 | F65: =D65 -> 698.5 | G65: =F65-E65 -> 698.5 | H65: 0
A66: інші доходи | B66: 1073/5 | C66: 7345.2 | D66: 5127.6 | E66: 1710 | F66: =D66 -> 5127.6 | G66: =F66-E66 -> 3417.6 | H66: =F66/E66*100 -> 299.85965 | I66: Відшкодування витрат, комунальних послуг орендарями - 3 401,1; КСБСРЗ -687,6; Учбовий центр - 974,8; б/в "Восток" - 72,0; інші - -7,9
A67: Інші операційні витрати, усього, у тому числі: | B67: 1080 | C67: =SUM(C68:C69,C70:C73) -> -54795 | D67: =SUM(D68:D69,D70:D73) -> -46388 | E67: =SUM(E68:E69,E70:E73) -> -4470 | F67: =D67 -> -46388 | G67: =F67-E67 -> -41918 | H67: =F67/E67*100 -> 1037.7629
A68: курсові різниці | B68: 1081 | C68: -28956.5 | D68: -28277 | E68: 0,0 | F68: =D68 -> -28277 | G68: =F68-E68 -> -28277 | H68: 0
A69: нетипові операційні витрати (розшифрувати) | B69: 1082 | C69: 0,0 | D69: 0,0 | E69: 0,0 | F69: =D69 -> 0,0 | G69: =F69-E69 -> 0 | H69: 0
A70: витрати на благодійну допомогу | B70: 1083 | C70: 0,0 | D70: 0,0 | E70: 0,0 | F70: =D70 -> 0,0 | G70: =F70-E70 -> 0 | H70: 0
A71: відрахування до резерву сумнівних боргів | B71: 1084 | C71: 0,0 | D71: 0,0 | E71: 0,0 | F71: =D71 -> 0,0 | G71: =F71-E71 -> 0 | H71: 0
A72: відрахування до недержавних пенсійних фондів | B72: 1085 | C72: 0,0 | D72: 0,0 | E72: 0,0 | F72: =D72 -> 0,0 | G72: =F72-E72 -> 0 | H72: 0
A73: інші операційні витрати (розшифрувати) | B73: 1086 | C73: =SUM(C74:C78) -> -25838.5 | D73: =SUM(D74:D78) -> -18111 | E73: =SUM(E74:E78) -> -4470 | F73: =D73 -> -18111 | G73: =F73-E73 -> -13641 | H73: =F73/E73*100 -> 405.16779
A74: собівартість реалізованих виробничих запасів | B74: 1086/1 | C74: -15489.1 | D74: -5102.2 | E74: -320 | F74: =D74 -> -5102.2 | G74: =F74-E74 -> -4782.2 | H74: 0 | I74: Собівартість реалізованих залишків палива річкових суден при передачі у чартер - 4 654,9; КСБСРЗ - 447,3
A75: витрати на утримання, експлуатацію та забезпечення основної діяльності об'єктів соціальної інфраструктури | B75: 1086/2 | C75: -1310 | D75: -1498.8 | E75: -1360 | F75: =D75 -> -1498.8 | G75: =F75-E75 -> -138.8 | H75: =F75/E75*100 -> 110.20588 | I75: Утримання стадіону - 490,0; Клуб моряків - 159,8; культ. спорт. комплекс - 157,2; музей - 93,6; б/в "Судноремонтник" -166,8; спорткомплекс КСБСРЗ - 431,4
A76: перерахування профкому | B76: 1086/3 | C76: -1313.8 | D76: =-2000.1+464.3 -> -1535.8 | E76: -1200 | F76: =D76 -> -1535.8 | G76: =F76-E76 -> -335.8 | H76: =F76/E76*100 -> 127.98333
A77: штрафи, пені | B77: 1086/4 | C77: -584.9 | D77: -1884.3 | E77: 0 | F77: =D77 -> -1884.3 | G77: =F77-E77 -> -1884.3 | H77: - | I77: Штраф за порушення термінів по уплаті ЄСВ за 2013-2014 рр.-1 530,3; штраф за порушення правил перевезень-323,6; інші-30,4
A78: інші витрати | B78: 1086/5 | C78: -7140.7 | D78: =-7679.6+54-464.3 -> -8089.9 | E78: -1590 | F78: =D78 -> -8089.9 | G78: =F78-E78 -> -6499.9 | H78: =F78/E78*100 -> 508.79874 | I78: Реалізація іноземної валюти - 193,2; розпилювання на металобрухт - 2 370,1; ритуальні - 312,0; паливо - 327,1; мастила - 254,6; частина використання нарахованого ПДВ - 1 227,8; відрахування на соціальні заходи - 233,2; витрати по фрахту -1 270,2; відображення рез. перев.по ПДВ - 721,8; інші- 769,6
A79: Фінансовий результат від операційної діяльності | B79: 1100 | C79: =SUM(C20,C21,C49,C58,C67) -> 9371 | D79: =SUM(D20,D21,D49,D58,D67) -> -31653 | E79: =SUM(E20,E21,E49,E58,E67) -> 22200 | F79: =D79 -> -31653 | G79: =F79-E79 -> -53853 | H79: =F79/E79*100 -> -142.58108
A80: Дохід від участі в капіталі (розшифрувати) | B80: 1110 | C80: 0,0 | D80: 0,0 | E80: 0,0 | F80: =D80 -> 0,0 | G80: =F80-E80 -> 0 | H80: 0
A81: Втрати від участі в капіталі (розшифрувати) | B81: 1120 | C81: 0,0 | D81: 0,0 | E81: 0,0 | F81: =D81 -> 0,0 | G81: =F81-E81 -> 0 | H81: 0
A82: Інші фінансові доходи (розшифрувати) | B82: 1130 | C82: =SUM(C83:C84) -> 7571 | D82: =SUM(D83:D84) -> 13949 | E82: =SUM(E83:E84) -> 9520 | F82: =D82 -> 13949 | G82: =F82-E82 -> 4429 | H82: -
A83: доходи від фінансових інвестицій | B83: 1131 | C83: 117.4 | D83: 30.3 | E83: 0 | F83: =D83 -> 30.3 | G83: =F83-E83 -> 30.3 | H83: -
A84: інші доходи від фінансових операцій | B84: 1132 | C84: 7453.6 | D84: 13918.7 | E84: 9520 | F84: =D84 -> 13918.7 | G84: =F84-E84 -> 4398.7 | H84: 0 | I84: Дивіденди СП: DS Панама - 10 998,0; Dunavski Trasport D.O.O. - 405,6; United Stevedoring- 1 389,5; ДМС -328,1; Трансхолд КФТ -291,7; Трансшип - 505,8
A85: Фінансові витрати (розшифрувати) | B85: 1140 | C85: =SUM(C86:C86) -> 0 | D85: =SUM(D86:D86) -> -1286 | E85: =SUM(E86:E86) -> -2910 | F85: =D85 -> -1286 | G85: =F85-E85 -> 1624 | H85: 0
A86: інші фінансові витрати | B86: 1141 | C86: 0,0 | D86: -1286 | E86: -2910 | F86: =D86 -> -1286 | G86: =F86-E86 -> 1624 | H86: 0 | I86: Відсотки банку за кредит
A87: Інші доходи, усього, у тому числі: | B87: 1150 | C87: =SUM(C88:C89) -> 11950 | D87: =SUM(D88:D89) -> 28220 | E87: =SUM(E88:E89) -> 120 | F87: =D87 -> 28220 | G87: =F87-E87 -> 28100 | H87: =F87/E87*100 -> 23516.667
A88: курсові різниці | B88: 1151 | C88: 593.4 | D88: 11.4 | E88: 0,0 | F88: =D88 -> 11.4 | G88: =F88-E88 -> 11.4 | H88: 0
A89: інші доходи (розшифрувати) | B89: 1152 | C89: =SUM(C90:C90) -> 11356.6 | D89: =SUM(D90:D90) -> 28208.6 | E89: =SUM(E90:E90) -> 120 | F89: =D89 -> 28208.6 | G89: =F89-E89 -> 28088.6 | H89: =F89/E89*100 -> 23507.167
A90: інші доходи від звичайної діяльності | B90: 1152/1 | C90: 11356.6 | D90: =8918.6+19290 -> 28208.6 | E90: 120 | F90: =D90 -> 28208.6 | G90: =F90-E90 -> 28088.6 | H90: =F90/E90*100 -> 23507.167 | I90: Реалізація необоротних активів (т/х «Александр Аржавкин», т/х "Дунай") - 8 918,6 запаси,отримані під час ремонту та модернізації - 10 709,5 доходи від страхової компенсації збитку від аварії т/х "Молдавия"- 8 062,8; інші - 517,7
A91: Інші витрати, усього, у тому числі: | B91: 1160 | C91: =SUM(C92:C93) -> 1173 | D91: =SUM(D92:D93) -> -5025 | E91: =SUM(E92:E93) -> -5240 | F91: =D91 -> -5025 | G91: =F91-E91 -> 215 | H91: =F91/E91*100 -> 95.896947
A92: курсові різниці | B92: 1161 | C92: 0 | D92: -76.7 | E92: 0,0 | F92: =D92 -> -76.7 | G92: =F92-E92 -> -76.7 | H92: 0
A93: інші витрати (розшифрувати) | B93: 1162 | C93: =SUM(C94:C95) -> 1173 | D93: =SUM(D94:D95) -> -4948.3 | E93: =SUM(E94:E95) -> -5240 | F93: =D93 -> -4948.3 | G93: =F93-E93 -> 291.7 | H93: =F93/E93*100 -> 94.433206
A94: витрати від передачі та/або списання майна, основних засобів тощо | B94: 1162/1 | C94: 3872.3 | D94: -3076.7 | E94: 0 | F94: =D94 -> -3076.7 | G94: =F94-E94 -> -3076.7 | H94: - | I94: Залишкова вартість списаного та реалізованого майна
A95: інші | B95: 1162/2 | C95: -2699.3 | D95: -1871.6 | E95: -5240 | F95: =D95 -> -1871.6 | G95: =F95-E95 -> 3368.4 | H95: =F95/E95*100 -> 35.717557 | I95: Відповідно Колдоговору виплата допомоги ветеранам при виході на пенсію - 1718,6;матеріальна допомога - 114,4; заохочення ювілярам - 25,6; інші - 13
A96: Фінансовий результат до оподаткування | B96: 1170 | C96: =SUM(C79,C82,C85,C87,C91) -> 30065 | D96: =SUM(D79,D82,D85,D87,D91) -> 4205 | E96: =SUM(E79,E82,E85,E87,E91) -> 23690 | F96: =D96 -> 4205 | G96: =F96-E96 -> -19485 | H96: =F96/E96*100 -> 17.750106
A97: Витрати з податку на прибуток | B97: 1180 | C97: 0 | D97: =D98+D99+D100 -> -2706 | E97: 0 | F97: =D97 -> -2706 | G97: =F97-E97 -> -2706 | H97: 0
A98: Дохід з податку на прибуток | B98: 1181 | C98: 0 | D98: -2706 | E98: 0 | F98: =D98 -> -2706 | G98: =F98-E98 -> -2706 | H98: 0
A99: Прибуток від припиненої діяльності після оподаткування | B99: 1190 | C99: 0 | D99: 0 | E99: 0 | F99: =D99 -> 0 | G99: =F99-E99 -> 0 | H99: 0
A100: Збиток від припиненої діяльності після оподаткування | B100: 1191 | C100: 0 | D100: 0 | E100: 0 | F100: =D100 -> 0 | G100: =F100-E100 -> 0 | H100: 0
A101: Чистий фінансовий результат, у тому числі: | B101: 1200 | C101: =SUM(C96:C100) -> 30065 | D101: =SUM(D96:D97) -> 1499 | E101: =SUM(E96:E100) -> 23690 | F101: =D101 -> 1499 | G101: =F101-E101 -> -22191 | H101: =F101/E101*100 -> 6.3275644
...

Sheet ІІ. Розр. з бюджетом
A1: IІ. Розрахунки з бюджетом
A3: Найменування показника | B3: Код рядка | C3: Факт наростаючим підсумком з початку року | E3: ='Осн. фін. пок.'!E27:H27 -> Звітний період (2017 р.) | J3: 6 мес
C4: минулий рік | D4: поточний рік | E4: план | F4: факт | G4: відхилення, +/– | H4: виконання, %
A5: 1 | B5: 2 | C5: 3 | D5: 4 | E5: 5 | F5: 6 | G5: 7 | H5: 8
A6: Розподіл чистого прибутку
A7: Залишок нерозподіленого прибутку (непокритого збитку) на початок звітного періоду | B7: 2000 | C7: -746633 | D7: -720534 | E7: -741973 | F7: =D7 -> -720534 | G7: =F7-E7 -> 21439 | H7: =F7/E7*100 -> 97.110542 | J7: -720534
A8: Нараховані до сплати відрахування частини чистого прибутку, усього, у тому числі: | B8: 2010 | C8: =C9+C10 -> 0 | D8: =D9+D10 -> -15032.5 | E8: =E9+E10 -> -22395 | F8: =D8 -> -15032.5 | G8: =F8-E8 -> 7362.5 | H8: 0 | J8: 0
A9: державними унітарними підприємствами та їх об'єднаннями до державного бюджету | B9: 2011 | C9: 0,0 | D9: 0,0 | E9: 0,0 | F9: =D9 -> 0,0 | G9: =F9-E9 -> 0 | H9: 0 | J9: 0,0
A10: господарськими товариствами, у статутному капіталі яких більше 50 відсотків акцій (часток, паїв) належать державі, на виплату дивідендів | B10: 2012 | C10: 0,0 | D10: -15032.5 | E10: -22395 | F10: =D10 -> -15032.5 | G10: =F10-E10 -> 7362.5 | H10: 0 | J10: 0,0
A11: у тому числі на державну частку | B11: 2012/1 | C11: 0,0 | D11: 0,0 | E11: -22395 | F11: =D11 -> 0,0 | G11: =F11-E11 -> 22395 | H11: 0 | J11: 0,0
A12: Перенесено з додаткового капіталу | B12: 2020 | C12: 0,0 | D12: 0,0 | E12: 0,0 | F12: =D12 -> 0,0 | G12: =F12-E12 -> 0 | H12: 0 | J12: 0,0
A13: Розвиток виробництва | B13: 2030 | C13: 0,0 | D13: 0,0 | E13: -1000 | F13: =D13 -> 0,0 | G13: =F13-E13 -> 1000 | H13: 0 | J13: 0,0
A14: у тому числі за основними видами діяльності за КВЕД | B14: 2031 | C14: 0,0 | D14: 0,0 | E14: -1000 | F14: =D14 -> 0,0 | G14: =F14-E14 -> 1000 | H14: 0 | J14: 0,0
A15: Резервний фонд | B15: 2040 | C15: 0,0 | D15: 0,0 | E15: 0,0 | F15: =D15 -> 0,0 | G15: =F15-E15 -> 0 | H15: 0 | J15: 0,0
A16: Інші фонди (розшифрувати) | B16: 2050 | C16: 0,0 | D16: 0,0 | E16: 0,0 | F16: =D16 -> 0,0 | G16: =F16-E16 -> 0 | H16: 0 | J16: 0,0
A17: Інші цілі (розшифрувати) | B17: 2060 | C17: =SUM(C18:C19) -> -3966 | D17: =SUM(D18:D19) -> -497.5 | E17: =SUM(E18:E19) -> 0 | F17: =D17 -> -497.5 | G17: =F17-E17 -> -497.5 | H17: 0 | J17: -9475
A18: доходи/витрати минулих періодів | B18: 2060/1 | C18: 0,0 | D18: 0,0 | E18: 0,0 | F18: =D18 -> 0,0 | G18: =F18-E18 -> 0 | H18: 0 | J18: 0,0
A19: інші витрати | B19: 2060/2 | C19: -3966 | D19: =734067.5-734565 -> -497.5 | E19: 0,0 | F19: =D19 -> -497.5 | G19: =F19-E19 -> -497.5 | H19: 0 | J19: -9475
A20: Залишок нерозподіленого прибутку (непокритого збитку) на кінець звітного періоду | B20: 2070 | C20: =SUM(C7,C8,C12,C13,C15,C16,C17)+'I. Формування фін. рез.'!C101 -> -720534 | D20: =SUM(D7,D8,D12,D13,D15,D16,D17)+'I. Формування фін. рез.'!D101 -> -734565 | E20: =SUM(E7,E8,E12,E13,E15,E16,E17)+'I. Формування фін. рез.'!E101 -> -741678 | F20: =D20 -> -734565 | G20: =F20-E20 -> 7113 | H20: =F20/E20*100 -> 99.040958 | J20: -742825
A21: Сплата податків, зборів та інших обов'язкових платежів
A22: Сплата податків та зборів до Державного бюджету України (податкові платежі), усього, у тому числі: | B22: 2110 | C22: =SUM(C23:C31) -> 5355.4 | D22: =SUM(D23:D31) -> 1905.1 | E22: =SUM(E23:E31) -> 2795 | F22: =D22 -> 1905.1 | G22: =F22-E22 -> -889.9 | H22: =F22/E22*100 -> 68.161002 | J22: -1157.3
A23: податок на прибуток підприємств | B23: 2111 | C23: 3866.1 | D23: 2716.2 | E23: 4030 | F23: =D23 -> 2716.2 | G23: =F23-E23 -> -1313.8 | H23: =F23/E23*100 -> 67.399504 | J23: 2705.9
A24: ПДВ, що підлягає сплаті до бюджету за підсумками звітного періоду | B24: 2112 | C24: 0 | D24: 0 | E24: 0 | F24: =D24 -> 0 | G24: =F24-E24 -> 0 | H24: - | J24: 0
A25: ПДВ, що підлягає відшкодуванню з бюджету за підсумками звітного періоду | B25: 2113 | C25: -5446.6 | D25: -8383.2 | E25: -7000 | F25: =D25 -> -8383.2 | G25: =F25-E25 -> -1383.2 | H25: =F25/E25*100 -> 119.76 | J25: -6978.7
A26: акцизний податок | B26: 2114 | C26: 112.6 | D26: 203.7 | E26: 0 | F26: =D26 -> 203.7 | G26: =F26-E26 -> 203.7 | H26: - | J26: 43.9
A27: відрахування частини чистого прибутку державними унітарними підприємствами та їх об'єднаннями | B27: 2115 | C27: 0,0 | D27: 0,0 | E27: 0,0 | F27: =D27 -> 0,0 | G27: =F27-E27 -> 0 | H27: - | J27: 0,0
A28: рентна плата за транспортування | B28: 2116 | C28: 0,0 | D28: 0,0 | E28: 0,0 | F28: =D28 -> 0,0 | G28: =F28-E28 -> 0 | H28: - | J28: 0,0
A29: рентна плата за користування надрами | B29: 2117 | C29: 0,0 | D29: 0,0 | E29: 0,0 | F29: =D29 -> 0,0 | G29: =F29-E29 -> 0 | H29: - | J29: 0,0
A30: податок на доходи фізичних осіб | B30: 2118 | C30: 5080 | D30: =22107.4*0.25+0.05 -> 5526.9 | E30: 4325 | F30: =D30 -> 5526.9 | G30: =F30-E30 -> 1201.9 | H30: =F30/E30*100 -> 127.7896 | J30: 2304.2
A31: інші податки та збори (розшифрувати) | B31: 2119 | C31: =SUM(C32:C32) -> 1743.3 | D31: =SUM(D32:D32) -> 1841.5 | E31: =SUM(E32:E32) -> 1440 | F31: =D31 -> 1841.5 | G31: =F31-E31 -> 401.5 | H31: =F31/E31*100 -> 127.88194 | J31: 767.4
A32: військовий збір | B32: 2119/1 | C32: 1743.3 | D32: 1841.5 | E32: 1440 | F32: =D32 -> 1841.5 | G32: =F32-E32 -> 401.5 | H32: =F32/E32*100 -> 127.88194 | J32: 767.4
A33: Сплата податків та зборів до місцевих бюджетів (податкові платежі), усього, у тому числі: | B33: 2120 | C33: =SUM(C34:C37) -> 23898.1 | D33: =SUM(D34:D37) -> 27192.8 | E33: =SUM(E34:E37) -> 21535 | F33: =D33 -> 27192.8 | G33: =F33-E33 -> 5657.8 | H33: =F33/E33*100 -> 126.27258 | J33: 12149.6
A34: податок на доходи фізичних осіб | B34: 2121 | C34: 15240.3 | D34: =22107.4-5526.9 -> 16580.5 | E34: 12970 | F34: =D34 -> 16580.5 | G34: =F34-E34 -> 3610.5 | H34: =F34/E34*100 -> 127.83732 | J34: 6912.7
A35: земельний податок | B35: 2122 | C35: 7271.4 | D35: 8071.7 | E35: 6800 | F35: =D35 -> 8071.7 | G35: =F35-E35 -> 1271.7 | H35: =F35/E35*100 -> 118.70147 | J35: 4011.4
A36: орендна плата | B36: 2123 | C36: 0,0 | D36: 0,0 | E36: 0,0 | F36: =D36 -> 0,0 | G36: =F36-E36 -> 0 | H36: 0 | J36: 0,0
A37: інші податки та збори (розшифрувати) | B37: 2124 | C37: =SUM(C38:C39) -> 1386.4 | D37: =SUM(D38:D39) -> 2540.6 | E37: =SUM(E38:E39) -> 1765 | F37: =D37 -> 2540.6 | G37: =F37-E37 -> 775.6 | H37: =F37/E37*100 -> 143.94334 | J37: 1225.5
A38: податок на нерухоме майно, відмінне від земельної ділянки | B38: 2124/1 | C38: 910.7 | D38: 1976.7 | E38: 540 | F38: =D38 -> 1976.7 | G38: =F38-E38 -> 1436.7 | H38: =F38/E38*100 -> 366.05556 | J38: 860.9
A39: інші | B39: 2124/2 | C39: 475.7 | D39: =191.6+14.2+44.7+300.6+12.8 -> 563.9 | E39: 1225 | F39: =D39 -> 563.9 | G39: =F39-E39 -> -661.1 | H39: =F39/E39*100 -> 46.032653 | J39: 364.6
A40: Інші податки, збори та платежі на користь держави, усього, у тому числі: | B40: 2130 | C40: =SUM(C41:C44) -> 45894.8 | D40: =SUM(D41:D44) -> 43640.3 | E40: =SUM(E41:E44) -> 43535 | F40: =D40 -> 43640.3 | G40: =F40-E40 -> 105.3 | H40: =F40/E40*100 -> 100.24187 | J40: 27081.4
A41: відрахування частини чистого прибутку господарськими товариствами, у статутному капіталі яких більше 50 відсотків акцій (часток, паїв) належать державі, на виплату дивідендів на державну частку | B41: 2131 | C41: 17201.3 | D41: 15032.5 | E41: 22395 | F41: =D41 -> 15032.5 | G41: =F41-E41 -> -7362.5 | H41: =F41/E41*100 -> 67.124358 | J41: 15042.8
A42: митні платежі | B42: 2132 | C42: 0,0 | D42: 0,0 | E42: 0,0 | F42: =D42 -> 0,0 | G42: =F42-E42 -> 0 | H42: - | J42: 0,0
A43: єдиний внесок на загальнообов'язкове державне соціальне страхування | B43: 2133 | C43: 28693.5 | D43: 28607.8 | E43: 21140 | F43: =D43 -> 28607.8 | G43: =F43-E43 -> 7467.8 | H43: =F43/E43*100 -> 135.32545 | J43: 12038.6
A44: інші податки, збори та платежі (розшифрувати) | B44: 2134 | C44: =SUM(C45:C46) -> 0 | D44: =SUM(D45:D46) -> 0 | E44: =SUM(E45:E46) -> 0 | F44: =D44 -> 0 | G44: =F44-E44 -> 0 | H44: 0 | J44: 0
F45: =D45 -> 0
F46: =D46 -> 0
A47: Погашення податкового боргу, усього, у тому числі: | B47: 2140 | C47: =SUM(C48:C49) -> 0 | D47: =SUM(D48:D49) -> 0 | E47: =SUM(E48:E49) -> 0 | F47: =D47 -> 0 | G47: =F47-E47 -> 0 | H47: 0 | J47: 0
A48: погашення реструктуризованих та відстрочених сум, що підлягають сплаті в поточному році до бюджетів та державних цільових фондів | B48: 2141 | C48: 0,0 | D48: 0,0 | E48: 0,0 | F48: =D48 -> 0,0 | G48: =F48-E48 -> 0 | H48: 0 | J48: 0,0
A49: інші (штрафи, пені, неустойки) (розшифрувати) | B49: 2142 | C49: =SUM(C50:C51) -> 0 | D49: =SUM(D50:D51) -> 0 | E49: =SUM(E50:E51) -> 0 | F49: =D49 -> 0 | G49: =F49-E49 -> 0 | H49: 0 | J49: 0
A50: штрафи | B50: 2142/1 | C50: 0 | D50: 0 | E50: 0,0 | F50: =D50 -> 0 | G50: =F50-E50 -> 0 | H50: 0 | J50: 0
F51: =D51 -> 0
A52: Усього виплат на користь держави | B52: 2200 | C52: =SUM(C22,C33,C40,C47) -> 75148.3 | D52: =SUM(D22,D33,D40,D47) -> 72738.2 | E52: =SUM(E22,E33,E40,E47) -> 67865 | F52: =D52 -> 72738.2 | G52: =F52-E52 -> 4873.2 | H52: =F52/E52*100 -> 107.18073 | J52: 38073.7
A54: Керівник
A55: В.о. голови Правління ПрАТ "УДП" | F55: Н.О. Караджа
A56: (посада) | C56: (підпис) | F56: (ініціали, прізвище)

Sheet ІІІ. Рух грош. коштів
A1: ІІІ. Рух грошових коштів (за прямим методом)
A3: Найменування показника | B3: Код рядка | C3: Факт наростаючим підсумком з початку року | E3: ='Осн. фін. пок.'!E27:H27 -> Звітний період (2017 р.) | N3: 6 мес | O3: 2кв | P3: 3кв
C4: минулий рік | D4: поточний рік | E4: план | F4: факт | G4: відхилення, +/– | H4: виконання, %
A5: 1 | B5: 2 | C5: 3 | D5: 4 | E5: 5 | F5: 6 | G5: 7 | H5: 8
A6: І. Рух коштів у результаті операційної діяльності
A7: Надходження грошових коштів від операційної діяльності | B7: 3000 | C7: =SUM(C8:C15,C19)-C10 -> 672505 | D7: =SUM(D8:D15,D19)-D10 -> 802465 | E7: =SUM(E8:E15,E19)-E10 -> 730555 | F7: =D7 -> 802465 | G7: =F7-E7 -> 71910 | H7: =F7/E7*100 -> 109.8432 | I7: =C7+C52+C80 -> 679959 | J7: =D7+D52+D80 -> 822882 | K7: =681259-1300 -> 679959 | L7: =K7-J7 -> -142923 | N7: 338918.8
A8: Виручка від реалізації продукції (товарів, робіт, послуг) | B8: 3010 | C8: 467065 | D8: 525402 | E8: 676570 | F8: =D8 -> 525402 | G8: =F8-E8 -> -151168 | H8: =F8/E8*100 -> 77.65671 | I8: =72261.3+74758.5+152.6+72928.2+2767+3588+152.6+2979.9 -> 229588.1 | J8: =D24+D60+D89 -> -815586 | K8: =-711007+33918-1300 -> -678389 | L8: =K8-J8 -> 137197 | N8: 242076.7
A9: Повернення податків і зборів, у тому числі: | B9: 3020 | C9: 130 | D9: 397 | E9: 7000 | F9: =D9 -> 397 | G9: =F9-E9 -> -6603 | H9: =F9/E9*100 -> 5.6714286 | I9: =I7+I8 -> 909547.1 | J9: =J7+J8 -> 7296 | K9: =K7+K8 -> 1570 | N9: 0
A10: податку на додану вартість | B10: 3021 | C10: 130 | D10: 397 | E10: 7000 | F10: =D10 -> 397 | G10: =F10-E10 -> -6603 | H10: =F10/E10*100 -> 5.6714286 | N10: 0
A11: Цільове фінансування (розшифрувати) | B11: 3030 | C11: 0,0 | D11: 0,0 | E11: 0,0 | F11: =D11 -> 0,0 | G11: =F11-E11 -> 0 | H11: - | K11: =K9-J9 -> -5726 | N11: 0,0
C12: 0,0 | D12: 0,0 | E12: 0,0 | F12: =D12 -> 0,0 | G12: =F12-E12 -> 0 | H12: =F12/E12*100 -> #DIV/0! | N12: 0,0
C13: 0,0 | D13: 0,0 | E13: 0,0 | F13: =D13 -> 0,0 | G13: =F13-E13 -> 0 | H13: =F13/E13*100 -> #DIV/0! | N13: 0,0
A14: Надходження авансів від покупців і замовників | B14: 3040 | C14: 96478 | D14: 149618 | E14: 0,0 | F14: =D14 -> 149618 | G14: =F14-E14 -> 149618 | H14: - | I14: 597098 | N14: 66154.8
A15: Отримання коштів за короткостроковими зобов'язаннями, у тому числі: | B15: 3050 | C15: =SUM(C16:C18) -> 0 | D15: 25000 | E15: =SUM(E16:E18) -> 45000 | F15: =D15 -> 25000 | G15: =F15-E15 -> -20000 | H15: =F15/E15*100 -> 55.555556 | I15: 600162 | N15: 25000
A16: кредити | B16: 3051 | C16: 0,0 | D16: 25000 | E16: 45000 | F16: =D16 -> 25000 | G16: =F16-E16 -> -20000 | H16: =F16/E16*100 -> 55.555556 | I16: =I14-I15 -> -3064 | N16: 25000
A17: позики | B17: 3052 | C17: 0,0 | D17: 0 | E17: 0 | F17: =D17 -> 0 | G17: =F17-E17 -> 0 | H17: - | N17: 0
A18: облігації | B18: 3053 | C18: 0,0 | D18: 0,0 | E18: 0,0 | F18: =D18 -> 0,0 | G18: =F18-E18 -> 0 | H18: - | I18: =I8+I15 -> 829750.1 | N18: 0,0
A19: Інші надходження (розшифрувати) | B19: 3060 | C19: =SUM(C20:C23) -> 108832 | D19: =SUM(D20:D23) -> 102048 | E19: =SUM(E20:E23) -> 1985 | F19: =D19 -> 102048 | G19: =F19-E19 -> 100063 | H19: =F19/E19*100 -> 5140.9572 | N19: 5687.3
A20: від операційної оренди активів | B20: 3060/1 | C20: 2593.2 | D20: 1487 | E20: 1985 | F20: =D20 -> 1487 | G20: =F20-E20 -> -498 | H20: =F20/E20*100 -> 74.911839 | N20: 1251.7
A21: інше | B21: 3060/2 | C21: 106238.8 | D21: =36+62+100463 -> 100561 | E21: 0,0 | F21: =D21 -> 100561 | G21: =F21-E21 -> 100561 | H21: - | N21: 4435.6
C22: 0,0 | D22: 0,0 | E22: 0,0 | F22: =D22 -> 0,0 | G22: =F22-E22 -> 0 | H22: =F22/E22*100 -> #DIV/0! | N22: 0,0
C23: 0,0 | D23: 0,0 | E23: 0,0 | F23: =D23 -> 0,0 | G23: =F23-E23 -> 0 | H23: =F23/E23*100 -> #DIV/0! | N23: 0,0
A24: Видатки грошових коштів від операційної діяльності | B24: 3100 | C24: =SUM(C25,C26,C27,C31,C47) -> -678389 | D24: =SUM(D25,D26,D27,D31,D47) -> -788722 | E24: =SUM(E25,E26,E27,E31,E47) -> -705860 | F24: =D24 -> -788722 | G24: =F24-E24 -> -82862 | H24: =F24/E24*100 -> 111.73916 | N24: -344391.4
A25: Розрахунки за продукцію (товари, роботи та послуги) | B25: 3110 | C25: -422214 | D25: -503424 | E25: -500095 | F25: =D25 -> -503424 | G25: =F25-E25 -> -3329 | H25: =F25/E25*100 -> 100.66567 | N25: -253892.9
A26: Розрахунки з оплати праці | B26: 3120 | C26: -92618 | D26: -96569 | E26: -78790 | F26: =D26 -> -96569 | G26: =F26-E26 -> -17779 | H26: =F26/E26*100 -> 122.56505 | N26: -40643.2
A27: Повернення коштів за короткостроковими зобов'язаннями, у тому числі: | B27: 3130 | C27: =SUM(C28:C30) -> -1300 | D27: =SUM(D28:D30) -> -28250 | E27: =SUM(E28:E30) -> -49200 | F27: =D27 -> -28250 | G27: =F27-E27 -> 20950 | H27: =F27/E27*100 -> 57.418699 | N27: -4650
A28: кредити | B28: 3131 | C28: 0,0 | D28: -25000 | E28: -45000 | F28: =D28 -> -25000 | G28: =F28-E28 -> 20000 | H28: =F28/E28*100 -> 55.555556 | N28: -2800
A29: позики | B29: 3132 | C29: -1300 | D29: -3250 | E29: -4200 | F29: =D29 -> -3250 | G29: =F29-E29 -> 950 | H29: =F29/E29*100 -> 77.380952 | N29: -1850
A30: облігації | B30: 3133 | C30: 0,0 | D30: 0,0 | E30: 0,0 | F30: =D30 -> 0,0 | G30: =F30-E30 -> 0 | H30: - | N30: 0,0
A31: Зобов’язання з податків, зборів та інших обов’язкових платежів, у тому числі: | B31: 3140 | C31: =SUM(C32:C37,C39) -> -78595 | D31: =SUM(D32:D37,D39) -> -66121 | E31: =SUM(E32:E37,E39) -> -74865 | F31: =D31 -> -66121 | G31: =F31-E31 -> 8744 | H31: =F31/E31*100 -> 88.32031 | N31: -45052.4
A32: податок на прибуток підприємств | B32: 3141 | C32: -3096 | D32: -2705 | E32: -4030 | F32: =D32 -> -2705 | G32: =F32-E32 -> 1325 | H32: =F32/E32*100 -> 67.121588 | N32: -2705.9
A33: податок на додану вартість | B33: 3142 | C33: 0 | D33: 0,0 | E33: 0,0 | F33: =D33 -> 0,0 | G33: =F33-E33 -> 0 | H33: - | N33: 0,0
A34: акцизний податок | B34: 3143 | C34: -112.6 | D34: =-'ІІ. Розр. з бюджетом'!D26 -> -203.7 | E34: 0,0 | F34: =D34 -> -203.7 | G34: =F34-E34 -> -203.7 | H34: - | N34: -43.9
A35: рентна плата | B35: 3144 | C35: 0,0 | D35: 0,0 | E35: 0,0 | F35: =D35 -> 0,0 | G35: =F35-E35 -> 0 | H35: - | N35: 0,0
A36: податок на доходи фізичних осіб | B36: 3145 | C36: -20320.3 | D36: =-'ІІ. Розр. з бюджетом'!D30-'ІІ. Розр. з бюджетом'!D34 -> -22107.4 | E36: -17295 | F36: =D36 -> -22107.4 | G36: =F36-E36 -> -4812.4 | H36: =F36/E36*100 -> 127.82538 | N36: -9216.9
A37: інші обов’язкові платежі, у тому числі: | B37: 3146 | C37: =SUM(C38:C38) -> 0 | D37: =SUM(D38:D38) -> 0 | E37: =SUM(E38:E38) -> 0 | F37: =D37 -> 0 | G37: =F37-E37 -> 0 | H37: - | N37: 0
A38: відрахування частини чистого прибутку державними підприємствами | B38: 3146/1 | C38: 0,0 | D38: 0,0 | E38: 0,0 | F38: =D38 -> 0,0 | G38: =F38-E38 -> 0 | H38: - | N38: 0,0
A39: інші платежі (розшифрувати) | B39: 3150 | C39: =SUM(C40:C45) -> -55066.1 | D39: =SUM(D40:D45) -> -41104.9 | E39: =SUM(E40:E45) -> -53540 | F39: =D39 -> -41104.9 | G39: =F39-E39 -> 12435.1 | H39: =F39/E39*100 -> 76.774188 | N39: -33085.7
A40: військовий збір | B40: 3150/1 | C40: -1743.3 | D40: =-'ІІ. Розр. з бюджетом'!D32 -> -1841.5 | E40: =-'ІІ. Розр. з бюджетом'!E32 -> -1440 | F40: =D40 -> -1841.5 | G40: =F40-E40 -> -401.5 | H40: =F40/E40*100 -> 127.88194 | N40: -767.4
A41: земельний податок | B41: 3150/2 | C41: -7271.4 | D41: =-'ІІ. Розр. з бюджетом'!D35 -> -8071.7 | E41: =-'ІІ. Розр. з бюджетом'!E35 -> -6800 | F41: =D41 -> -8071.7 | G41: =F41-E41 -> -1271.7 | H41: =F41/E41*100 -> 118.70147 | N41: -4011.4
A42: податок на нерухоме майно, відмінне від земельної ділянки | B42: 3150/3 | C42: -910.7 | D42: =-'ІІ. Розр. з бюджетом'!D38 -> -1976.7 | E42: =-'ІІ. Розр. з бюджетом'!E38 -> -540 | F42: =D42 -> -1976.7 | G42: =F42-E42 -> -1436.7 | H42: =F42/E42*100 -> 366.05556 | N42: -860.9
A43: єдиний соціальний внесок | B43: 3150/4 | C43: -27476 | D43: -27647 | E43: =-'ІІ. Розр. з бюджетом'!E43 -> -21140 | F43: =D43 -> -27647 | G43: =F43-E43 -> -6507 | H43: =F43/E43*100 -> 130.78051 | N43: -12038.6
A44: відрахування частини чистого прибутку до фонду на виплату дивідендів на державну частку господарськими товариствами, 100% акцій яких належить державі | B44: 3150/5 | C44: -17201 | D44: 0 | E44: =-'ІІ. Розр. з бюджетом'!E41 -> -22395 | F44: =D44 -> 0 | G44: =F44-E44 -> 22395 | H44: =F44/E44*100 -> 0 | N44: -15042.8
A45: інші | B45: 3150/6 | C45: -463.7 | D45: =-81153+79585 -> -1568 | E45: =704635-705860 -> -1225 | F45: =D45 -> -1568 | G45: =F45-E45 -> -343 | H45: =F45/E45*100 -> 128 | N45: -364.6
A46: Повернення коштів до бюджету | B46: 3160 | C46: 0,0 | D46: 0,0 | E46: 0,0 | F46: =D46 -> 0,0 | G46: =F46-E46 -> 0 | H46: - | N46: 0,0
A47: Інші витрати (розшифрувати) | B47: 3170 | C47: =SUM(C49:C49) -> -83662 | D47: =D48+D49 -> -94358 | E47: =E48+E49 -> -2910 | F47: =D47 -> -94358 | G47: =F47-E47 -> -91448 | H47: =F47/E47*100 -> 3242.543 | N47: -153
A48: відсотки по кредиту | B48: 3170/1 | C48: 0 | D48: 0 | E48: -2910 | F48: =D48 -> 0 | G48: =F48-E48 -> 2910 | H48: =F48/E48*100 -> 0 | N48: -153
A49: інші витрати | B49: 3170/2 | C49: -83662 | D49: =-34965-59393 -> -94358 | E49: 0,0 | F49: =D49 -> -94358 | G49: =F49-E49 -> -94358 | H49: - | N49: 0
A50: Чистий рух коштів від операційної діяльності | B50: 3195 | C50: =SUM(C7,C24) -> -5884 | D50: =SUM(D7,D24) -> 13743 | E50: =SUM(E7,E24) -> 24695 | F50: =D50 -> 13743 | G50: =F50-E50 -> -10952 | H50: =F50/E50*100 -> 55.650941 | N50: -5472.6
A51: II. Рух коштів у результаті інвестиційної діяльності
A52: Надходження грошових коштів від інвестиційної діяльності | B52: 3200 | C52: =SUM(C53:C56) -> 7454 | D52: =SUM(D53:D56) -> 20417 | E52: =SUM(E53:E56) -> 0 | F52: =D52 -> 20417 | G52: =F52-E52 -> 20417 | H52: - | N52: 8918.6
A53: Виручка від реалізації фінансових інвестицій | B53: 3210 | C53: 0,0 | D53: 0,0 | E53: 0,0 | F53: =D53 -> 0,0 | G53: =F53-E53 -> 0 | H53: - | N53: 0,0
A54: Виручка від реалізації необоротних активів | B54: 3220 | C54: 0 | D54: 6498 | E54: 0 | F54: =D54 -> 6498 | G54: =F54-E54 -> 6498 | H54: - | N54: 8918.6
A55: Надходження від продажу акцій та облігацій | B55: 3230 | C55: 0,0 | D55: 0,0 | E55: 0,0 | F55: =D55 -> 0,0 | G55: =F55-E55 -> 0 | H55: - | N55: 0,0
A56: Інші надходження (розшифрувати) | B56: 3240 | C56: =SUM(C57:C59) -> 7454 | D56: =SUM(D57:D59) -> 13919 | E56: =SUM(E57:E59) -> 0 | F56: =D56 -> 13919 | G56: =F56-E56 -> 13919 | H56: - | N56: 0
A57: інші (дивіденди СП) | B57: 3240/1 | C57: 7454 | D57: 13919 | E57: 0,0 | F57: =D57 -> 13919 | G57: =F57-E57 -> 13919 | H57: - | N57: 0
C58: 0,0 | D58: 0,0 | E58: 0,0 | F58: =D58 -> 0,0 | G58: =F58-E58 -> 0 | H58: =F58/E58*100 -> #DIV/0! | N58: 0,0
C59: 0,0 | D59: 0,0 | E59: 0,0 | F59: =D59 -> 0,0 | G59: =F59-E59 -> 0 | H59: =F59/E59*100 -> #DIV/0! | N59: 0,0
A60: Видатки грошових коштів від інвестиційної діяльності | B60: 3255 | C60: =C61+C65+C69+C73+C74 -> 0 | D60: =D61+D65+D69+D73+D74 -> -10546 | E60: =E61+E65+E69+E73+E74 -> -24225 | F60: =D60 -> -10546 | G60: =F60-E60 -> 13679 | H60: =F60/E60*100 -> 43.53354 | N60: 0
A61: Придбання (створення) основних засобів (розшифрувати) | B61: 3260 | C61: 0 | D61: =SUM(D62:D64) -> -10546 | E61: =SUM(E62:E64) -> -7460 | F61: =D61 -> -10546 | G61: =F61-E61 -> -3086 | H61: =F61/E61*100 -> 141.36729 | N61: 0
A62: придбання основних засобів | B62: 3260/1 | C62: 0 | D62: -10546 | E62: -7460 | F62: =D62 -> -10546 | G62: =F62-E62 -> -3086 | H62: =F62/E62*100 -> 141.36729 | N62: 0
C63: 0,0 | D63: 0,0 | E63: 0,0 | F63: =D63 -> 0,0 | G63: =F63-E63 -> 0 | H63: =F63/E63*100 -> #DIV/0! | N63: 0,0
C64: 0,0 | D64: 0,0 | E64: 0,0 | F64: =D64 -> 0,0 | G64: =F64-E64 -> 0 | H64: =F64/E64*100 -> #DIV/0! | N64: 0,0
A65: Капітальне будівництво (розшифрувати) | B65: 3265 | C65: =SUM(C66:C68) -> 0 | D65: =SUM(D66:D68) -> 0 | E65: =SUM(E66:E68) -> -5000 | F65: =D65 -> 0 | G65: =F65-E65 -> 5000 | H65: =F65/E65*100 -> 0 | N65: 0
A66: фінансуваня капітального будівництва (оплата грошовими коштами) | B66: 3265/1 | C66: 0,0 | D66: 0 | E66: -5000 | F66: =D66 -> 0 | G66: =F66-E66 -> 5000 | H66: =F66/E66*100 -> 0 | N66: 0,0
C67: 0,0 | D67: 0,0 | E67: 0,0 | F67: =D67 -> 0,0 | G67: =F67-E67 -> 0 | H67: =F67/E67*100 -> #DIV/0! | N67: 0,0
C68: 0,0 | D68: 0,0 | E68: 0,0 | F68: =D68 -> 0,0 | G68: =F68-E68 -> 0 | H68: =F68/E68*100 -> #DIV/0! | N68: 0,0
A69: Придбання (створення) нематеріальних активів (розшифрувати) | B69: 3270 | C69: =SUM(C70:C72) -> 0 | D69: =SUM(D70:D72) -> 0 | E69: =SUM(E70:E72) -> -4205 | F69: =D69 -> 0 | G69: =F69-E69 -> 4205 | H69: =F69/E69*100 -> 0 | N69: 0
A70: придбання нематеріальних активів | B70: 3270/1 | C70: 0 | D70: 0 | E70: -4205 | F70: =D70 -> 0 | G70: =F70-E70 -> 4205 | H70: =F70/E70*100 -> 0 | N70: 0
C71: 0,0 | D71: 0,0 | E71: 0,0 | F71: =D71 -> 0,0 | G71: =F71-E71 -> 0 | H71: =F71/E71*100 -> #DIV/0! | N71: 0,0
C72: 0,0 | D72: 0,0 | E72: 0,0 | F72: =D72 -> 0,0 | G72: =F72-E72 -> 0 | H72: =F72/E72*100 -> #DIV/0! | N72: 0,0
A73: Придбання акцій та облігацій | B73: 3275 | C73: 0,0 | D73: 0,0 | E73: 0,0 | F73: =D73 -> 0,0 | G73: =F73-E73 -> 0 | H73: 0 | N73: 0,0
A74: Інші витрати (розшифрувати) | B74: 3280 | C74: =SUM(C75:C77) -> 0 | D74: =SUM(D75:D77) -> 0 | E74: =SUM(E75:E77) -> -7560 | F74: =D74 -> 0 | G74: =F74-E74 -> 7560 | H74: =F74/E74*100 -> 0 | N74: 0
A75: інші | B75: 3280/1 | C75: 0 | D75: 0 | E75: -7560 | F75: =D75 -> 0 | G75: =F75-E75 -> 7560 | H75: =F75/E75*100 -> 0 | N75: 0,0
C76: 0,0 | D76: 0,0 | E76: 0,0 | F76: =D76 -> 0,0 | G76: =F76-E76 -> 0 | H76: =F76/E76*100 -> #DIV/0! | N76: 0,0
C77: 0,0 | D77: 0,0 | E77: 0,0 | F77: =D77 -> 0,0 | G77: =F77-E77 -> 0 | H77: =F77/E77*100 -> #DIV/0! | N77: 0,0
A78: Чистий рух коштів від інвестиційної діяльності | B78: 3295 | C78: =SUM(C52,C60) -> 7454 | D78: =SUM(D52,D60) -> 9871 | E78: =SUM(E52,E60) -> -24225 | F78: =D78 -> 9871 | G78: =F78-E78 -> 34096 | H78: - | N78: 8918.6
A79: III. Рух коштів у результаті фінансової діяльності
A80: Надходження грошових коштів від фінансової діяльності | B80: 3300 | C80: =C81+C82+C86 -> 0 | D80: =D81+D82+D86 -> 0 | E80: =E81+E82+E86 -> 0 | F80: =D80 -> 0 | G80: =F80-E80 -> 0 | H80: 0 | N80: 0
A81: Надходження від власного капіталу | B81: 3310 | C81: 0,0 | D81: 0,0 | E81: 0,0 | F81: =D81 -> 0,0 | G81: =F81-E81 -> 0 | H81: 0 | N81: 0,0
A82: Отримання коштів за довгостроковими зобов'язаннями, у тому числі: | B82: 3320 | C82: =SUM(C83:C85) -> 0 | D82: =SUM(D83:D85) -> 0 | E82: =SUM(E83:E85) -> 0 | F82: =D82 -> 0 | G82: =F82-E82 -> 0 | H82: 0 | N82: 0
A83: кредити | B83: 3321 | C83: 0,0 | D83: 0,0 | E83: 0,0 | F83: =D83 -> 0,0 | G83: =F83-E83 -> 0 | H83: 0 | N83: 0,0
A84: позики | B84: 3322 | C84: 0,0 | E84: 0,0 | F84: =D84 -> 0 | G84: =F84-E84 -> 0 | H84: 0 | N84: 0,0
A85: облігації | B85: 3323 | C85: 0,0 | D85: 0,0 | E85: 0,0 | F85: =D85 -> 0,0 | G85: =F85-E85 -> 0 | H85: 0 | N85: 0,0
A86: Інші надходження (розшифрувати) | B86: 3340 | C86: 0,0 | D86: 0,0 | E86: 0,0 | F86: =D86 -> 0,0 | G86: =F86-E86 -> 0 | H86: 0 | N86: 0,0
C87: 0,0 | D87: 0,0 | E87: 0,0 | F87: =D87 -> 0,0 | G87: =F87-E87 -> 0 | H87: 0 | N87: 0,0
C88: 0,0 | D88: 0,0 | E88: 0,0 | F88: =D88 -> 0,0 | G88: =F88-E88 -> 0 | H88: 0 | N88: 0,0
A89: Видатки грошових коштів від фінансової діяльності | B89: 3345 | C89: =C90+C91+C95+C96 -> 0 | D89: =D90+D91+D95+D96 -> -16318 | E89: =E90+E91+E95+E96 -> 0 | F89: =D89 -> -16318 | G89: =F89-E89 -> -16318 | H89: 0 | N89: 0
A90: Витрачання на викуп власних акцій | B90: 3350 | C90: 0,0 | D90: 0,0 | E90: 0,0 | F90: =D90 -> 0,0 | G90: =F90-E90 -> 0 | H90: 0 | N90: 0,0
A91: Повернення коштів за довгостроковими зобов'язаннями, у тому числі: | B91: 3360 | C91: =SUM(C92:C94) -> 0 | D91: =SUM(D92:D94) -> 0 | E91: =SUM(E92:E94) -> 0 | F91: =D91 -> 0 | G91: =F91-E91 -> 0 | H91: 0 | N91: 0
A92: кредити | B92: 3361 | C92: 0,0 | D92: 0,0 | E92: 0,0 | F92: =D92 -> 0,0 | G92: =F92-E92 -> 0 | H92: 0 | N92: 0,0
A93: позики | B93: 3362 | C93: 0,0 | E93: 0,0 | F93: =D93 -> 0 | G93: =F93-E93 -> 0 | H93: 0 | N93: 0,0
A94: облігації | B94: 3363 | C94: 0,0 | D94: 0,0 | E94: 0,0 | F94: =D94 -> 0,0 | G94: =F94-E94 -> 0 | H94: 0 | N94: 0,0
A95: Сплата дивідендів | B95: 3370 | C95: 0,0 | D95: -15032 | E95: 0,0 | F95: =D95 -> -15032 | G95: =F95-E95 -> -15032 | H95: 0 | N95: 0,0
A96: Інші витрати (розшифрувати) | B96: 3380 | C96: 0,0 | D96: -1286 | E96: 0,0 | F96: =D96 -> -1286 | G96: =F96-E96 -> -1286 | H96: 0 | N96: 0,0
C97: 0,0 | D97: 0,0 | E97: 0,0 | F97: =D97 -> 0,0 | G97: =F97-E97 -> 0 | H97: 0 | N97: 0,0
C98: 0,0 | D98: 0,0 | E98: 0,0 | F98: =D98 -> 0,0 | G98: =F98-E98 -> 0 | H98: 0 | N98: 0,0
A99: Чистий рух коштів від фінансової діяльності | B99: 3395 | C99: =C80+C89 -> 0 | D99: =D80+D89 -> -16318 | E99: =E80+E89 -> 0 | F99: =D99 -> -16318 | G99: =F99-E99 -> -16318 | H99: 0 | N99: 0
A100: Чистий грошовий потік | B100: 3400 | C100: =C50+C78+C99 -> 1570 | D100: =D50+D78+D99 -> 7296 | E100: =E50+E78+E99 -> 470 | F100: =D100 -> 7296 | G100: =F100-E100 -> 6826 | H100: =F100/E100*100 -> 1552.3404 | N100: 3446
A101: Залишок коштів на початок періоду | B101: 3405 | C101: 11407 | D101: 12298 | E101: 20200 | F101: =D101 -> 12298 | G101: =F101-E101 -> -7902 | H101: =F101/E101*100 -> 60.881188 | N101: 12298
...

Sheet IV. Кап. інвестиції
A1: IV. Капітальні інвестиції
A3: Найменування показника | B3: Код рядка | C3: Факт наростаючим підсумком з початку року | E3: ='Осн. фін. пок.'!E27:H27 -> Звітний період (2017 р.)
C4: минулий рік | D4: поточний рік | E4: план | F4: факт | G4: відхилення, +/– | H4: виконання, %
A5: 1 | B5: 2 | C5: 3 | D5: 4 | E5: 5 | F5: 6 | G5: 7 | H5: 8
A6: Капітальні інвестиції, усього, у тому числі: | B6: 4000 | C6: =SUM(C7:C12) -> 7423 | D6: =SUM(D7:D12) -> 24643 | E6: =SUM(E7:E12) -> 21020 | F6: =D6 -> 24643 | G6: =F6-E6 -> 3623 | H6: =F6/E6*100 -> 117.23597
A7: капітальне будівництво | B7: 4010 | C7: 0,0 | D7: 9433.1 | E7: 5000 | F7: =D7 -> 9433.1 | G7: =F7-E7 -> 4433.1 | H7: 0
A8: придбання (виготовлення) основних засобів | B8: 4020 | C8: 6186 | D8: 13538.9 | E8: 6215 | F8: =D8 -> 13538.9 | G8: =F8-E8 -> 7323.9 | H8: =F8/E8*100 -> 217.84232
A9: придбання (виготовлення) інших необоротних матеріальних активів | B9: 4030 | C9: 0,0 | D9: 0,0 | E9: 0,0 | F9: =D9 -> 0,0 | G9: =F9-E9 -> 0 | H9: 0
A10: придбання (створення) нематеріальних активів | B10: 4040 | C10: 1237 | D10: 176 | E10: 3505 | F10: =D10 -> 176 | G10: =F10-E10 -> -3329 | H10: =F10/E10*100 -> 5.021398
A11: модернізація, модифікація (добудова, дообладнання, реконструкція) основних засобів | B11: 4050 | C11: 0,0 | D11: 0,0 | E11: 5900 | F11: =D11 -> 0,0 | G11: =F11-E11 -> -5900 | H11: 0
A12: капітальний ремонт | B12: 4060 | C12: 0,0 | D12: 1495 | E12: 400 | F12: =D12 -> 1495 | G12: =F12-E12 -> 1095 | H12: 0
A14: Керівник
A15: В.о. голови Правління ПрАТ "УДП" | F15: Н.О. Караджа
A16: (посада) | C16: (підпис) | F16: (ініціали, прізвище)

Sheet  V. Коефіцієнти
A1: V. Коефіцієнтний аналіз
A3: Найменування показника | B3: Код рядка | C3: Оптимальне значення | D3: Факт наростаючим підсумком з початку року | F3: Факт за 2017 р. | H3: Примітки
D4: минулий рік | E4: поточний рік | F4: минулий рік | G4: поточний рік
A5: 1 | B5: 2 | C5: 3 | D5: 4 | E5: 5 | F5: 6 | G5: 7 | H5: 8
A6: Коефіцієнти рентабельності та прибутковості
A7: Валова рентабельність (валовий прибуток, рядок 1020 / чистий дохід від реалізації продукції (товарів, робіт, послуг), рядок 1000) х 100, % | B7: 5000 | C7: Збільшення | D7: ='Осн. фін. пок.'!C33/'Осн. фін. пок.'!C31*100 -> 13.267306 | E7: ='Осн. фін. пок.'!D33/'Осн. фін. пок.'!D31*100 -> 4.6105193 | F7: =D7 -> 13.267306 | G7: ='Осн. фін. пок.'!F33/'Осн. фін. пок.'!F31*100 -> 4.6105193
A8: Рентабельність EBITDA (EBITDA, рядок 1310 / чистий дохід від реалізації продукції (товарів, робіт, послуг), рядок 1000) х 100, % | B8: 5010 | C8: Збільшення | D8: ='I. Формування фін. рез.'!C114/'I. Формування фін. рез.'!C7*100 -> 3.574337 | E8: ='I. Формування фін. рез.'!D114/'I. Формування фін. рез.'!D7*100 -> -1.9559306 | F8: =D8 -> 3.574337 | G8: ='I. Формування фін. рез.'!F114/'I. Формування фін. рез.'!F7*100 -> -1.9559306
A9: Рентабельність активів (чистий фінансовий результат, рядок 1200 / вартість активів, рядок 6020) х 100, % | B9: 5020 | C9: Збільшення | D9: ='Осн. фін. пок.'!C63/'Осн. фін. пок.'!C139*100 -> 11.154396 | E9: ='Осн. фін. пок.'!D63/'Осн. фін. пок.'!D139*100 -> 0.43397827 | F9: =D9 -> 11.154396 | G9: ='I. Формування фін. рез.'!D101/'Осн. фін. пок.'!D139*100 -> 0.43397827 | H9: Характеризує ефективність використання активів підприємства
A10: Рентабельність власного капіталу (чистий фінансовий результат, рядок 1200 / власний капітал, рядок 6080) х 100, % | B10: 5030 | C10: Збільшення | D10: ='Осн. фін. пок.'!C63/'Осн. фін. пок.'!C145*100 -> 18.040479 | E10: ='Осн. фін. пок.'!D63/'Осн. фін. пок.'!D145*100 -> 0.98216509 | F10: =D10 -> 18.040479 | G10: ='Осн. фін. пок.'!F63/'Осн. фін. пок.'!D145*100 -> 0.98216509
A11: Рентабельність діяльності (чистий фінансовий результат, рядок 1200 / чистий дохід від реалізації продукції (товарів, робіт, послуг), рядок 1000) х 100, % | B11: 5040 | C11: Збільшення | D11: ='Осн. фін. пок.'!C63/'Осн. фін. пок.'!C31*100 -> 4.6760005 | E11: ='Осн. фін. пок.'!D63/'Осн. фін. пок.'!D31*100 -> 0.19192359 | F11: =D11 -> 4.6760005 | G11: ='Осн. фін. пок.'!F63/'Осн. фін. пок.'!F31*100 -> 0.19192359 | H11: Характеризує ефективність господарської діяльності підприємства
A12: Коефіцієнти фінансової стійкості та ліквідності
A13: Коефіцієнт відношення боргу до EBITDA (довгострокові зобов'язання, рядок 6030 + поточні зобов'язання, рядок 6040) / EBITDA, рядок 1310 | B13: 5100 | D13: =('Осн. фін. пок.'!C140+'Осн. фін. пок.'!C141)/'I. Формування фін. рез.'!C114 -> 4.4766923 | E13: =('Осн. фін. пок.'!D140+'Осн. фін. пок.'!D141)/'I. Формування фін. рез.'!D114 -> -12.619758 | F13: =D13 -> 4.4766923 | G13: =('Осн. фін. пок.'!D140+'Осн. фін. пок.'!D141)/'I. Формування фін. рез.'!F114 -> -12.619758
A14: Коефіцієнт фінансової стійкості (власний капітал, рядок 6080 / (довгострокові зобов'язання, рядок 6030 + поточні зобов'язання, рядок 6040)) | B14: 5110 | C14: > 1 | D14: ='Осн. фін. пок.'!C145/('Осн. фін. пок.'!C140+'Осн. фін. пок.'!C141) -> 1.619846 | E14: ='Осн. фін. пок.'!D145/('Осн. фін. пок.'!D140+'Осн. фін. пок.'!D141) -> 0.79166126 | F14: =D14 -> 1.619846 | G14: ='Осн. фін. пок.'!D145/('Осн. фін. пок.'!D140+'Осн. фін. пок.'!D141) -> 0.79166126 | H14: Характеризує співвідношення власних та позикових коштів і залежність підприємства від зовнішніх фінансових джерел
A15: Коефіцієнт поточної ліквідності (покриття) (оборотні активи, рядок 6010 / поточні зобов'язання, рядок 6040) | B15: 5120 | C15: > 1 | D15: ='Осн. фін. пок.'!C137/'Осн. фін. пок.'!C141 -> 1.6085359 | E15: ='Осн. фін. пок.'!D137/'Осн. фін. пок.'!D141 -> 1.1806306 | F15: =D15 -> 1.6085359 | G15: ='Осн. фін. пок.'!D137/'Осн. фін. пок.'!D141 -> 1.1806306 | H15: Показує достатність ресурсів підприємства, які може бути використано для погашення його поточних зобов'язань. Нормативним значенням для цього показника є > 1–1,5
A16: Аналіз капітальних інвестицій
A17: Коефіцієнт відношення капітальних інвестицій до амортизації (капітальні інвестиції, рядок 4000 / амортизація, рядок 1430) | B17: 5200 | D17: ='Осн. фін. пок.'!C114/'Осн. фін. пок.'!C75 -> 0.58265306 | E17: ='Осн. фін. пок.'!D114/'Осн. фін. пок.'!D75 -> 1.6340428 | F17: =D17 -> 0.58265306 | G17: ='Осн. фін. пок.'!F114/'Осн. фін. пок.'!F75 -> 1.6340428
A18: Коефіцієнт відношення капітальних інвестицій до чистого доходу від реалізації продукції (товарів, робіт, послуг) (капітальні інвестиції, рядок 4000 / чистий дохід від реалізації продукції (товарів, робіт, послуг), рядок 1000) | B18: 5210 | D18: ='Осн. фін. пок.'!C121/'Осн. фін. пок.'!C31 -> 0.01154497 | E18: ='Осн. фін. пок.'!D121/'Осн. фін. пок.'!D31 -> 0.031551521 | F18: =D18 -> 0.01154497 | G18: ='Осн. фін. пок.'!F121/'Осн. фін. пок.'!F31 -> 0.031551521
A19: Коефіцієнт зносу основних засобів (сума зносу, рядок 6003 / первісна вартість основних засобів, рядок 6002) | B19: 5220 | C19: Зменшення | D19: ='Осн. фін. пок.'!C136/'Осн. фін. пок.'!C135 -> 0.91908158 | E19: ='Осн. фін. пок.'!D136/'Осн. фін. пок.'!D135 -> 0.90966404 | F19: =D19 -> 0.91908158 | G19: ='Осн. фін. пок.'!D136/'Осн. фін. пок.'!D135 -> 0.90966404 | H19: Характеризує інвестиційну політику підприємства
A20: Ковенанти/обмежувальні коефіцієнти
A21: Інші коефіцієнти/ковенанти, якщо такі передбачені умовами кредитних договорів, із зазначенням банку, валюти та суми зобов'язання на дату останньої звітності, строку погашення. У графі "Оптимальне значення" вказати граничне значення коефіцієнта | B21: 5300 | D21: 0,0 | E21: 0,0 | F21: 0,0 | G21: 0,0
A23: Керівник
A24: В.о. голови Правління ПрАТ "УДП" | F24: Н.О. Караджа
A25: (посада) | C25: (підпис) | F25: (ініціали, прізвище)

Sheet Iнформація до ФП
A1: Інформація
A2: до фінансового плану за 2017 р.
A3: ПрАТ "УДП"
A4: (найменування підприємства)
A5: 1. Дані про підприємство, персонал та фонд заробітної плати
A7: Загальна інформація про підприємство (резюме)
A8: ПрАТ “Українське Дунайське пароплавство” із 100% пакетом акцій, що належать державі в особі Міністерства інфраструктури України (державна корпоративна власність), безпосередньо підпорядковано Департаменту морського та річкового транспорту. Українське Дунайське пароплавство було створено в 1944 році під назвою “Радянське Дунайське державне пароплавство” з місцезнаходженням у м. Ізмаїлі та у 1994 р. було перетворено у відкрите акціонерне товариство. Основними видами діяльності ПрАТ “УДП” є: внутрішні та міжнародні перевезення пасажирів та вантажів морським і річковим транспортом; суднобудування та судноремонт. На кінець 2017 року на балансі ПрАТ “УДП” знаходилось 428 суден.
A10: Найменування показника | F10: Факт відповідного періоду минулого року | H10: План звітного періоду | J10: Факт звітного періоду | L10: Відхилення, +/– (Факт звітного періоду / План звітного періоду) | N10: Виконання, % (Факт звітного періоду / План звітного періоду)
A11: 1 | F11: 2 | H11: 3 | J11: 4 | L11: 5 | N11: 6
A12: Середня кількість працівників (штатних працівників, зовнішніх сумісників та працівників, що працюють за цивільно-правовими договорами), у тому числі: | F12: =SUM(F13:G15) -> 1891 | H12: =SUM(H13:I15) -> 1571 | J12: =SUM(J13:K15) -> 1677 | L12: =J12-H12 -> 106 | N12: =J12/H12*100 -> 106.74729
A13: директор | F13: 1 | H13: 1 | J13: 1 | L13: =J13-H13 -> 0 | N13: =J13/H13*100 -> 100
A14: адміністративно-управлінський персонал | F14: 192 | H14: 199 | J14: 208 | L14: =J14-H14 -> 9 | N14: =J14/H14*100 -> 104.52261
A15: працівники | F15: 1698 | H15: 1371 | J15: 1468 | L15: =J15-H15 -> 97 | N15: =J15/H15*100 -> 107.07513
A16: Фонд оплати праці, тис. грн, у тому числі: | F16: =SUM(F17:G19) -> 96096.3 | H16: =SUM(H17:I19) -> 96085 | J16: =SUM(J17:K19) -> 105949.1 | L16: =J16-H16 -> 9864.1 | N16: =J16/H16*100 -> 110.26601
A17: директор | F17: 430 | H17: 560 | J17: 485.2 | L17: =J17-H17 -> -74.8 | N17: =J17/H17*100 -> 86.642857
A18: адміністративно-управлінський персонал | F18: 22358.9 | H18: 23480 | J18: 24397.9 | L18: =J18-H18 -> 917.9 | N18: =J18/H18*100 -> 103.90928
A19: працівники | F19: 73307.4 | H19: 72045 | J19: 81066 | L19: =J19-H19 -> 9021 | N19: =J19/H19*100 -> 112.52134
A20: Витрати на оплату праці, тис. грн, у тому числі: | F20: =SUM(F21:G23) -> 101105.9 | H20: =SUM(H21:I23) -> 96085 | J20: =SUM(J21:K23) -> 115120 | L20: =J20-H20 -> 19035 | N20: =J20/H20*100 -> 119.81058
A21: директор | F21: 430 | H21: 560 | J21: 485.2 | L21: =J21-H21 -> -74.8 | N21: =J21/H21*100 -> 86.642857
A22: адміністративно-управлінський персонал | F22: 22358.9 | H22: 23480 | J22: 24397.9 | L22: =J22-H22 -> 917.9 | N22: =J22/H22*100 -> 103.90928
A23: працівники | F23: 78317 | H23: 72045 | J23: 90236.9 | L23: =J23-H23 -> 18191.9 | N23: =J23/H23*100 -> 125.25075
A24: Середньомісячні витрати на оплату праці одного працівника (грн), усього, у тому числі: | F24: =F20/F12/12*1000 -> 4455.5747 | H24: =H20/H12/12*1000 -> 5096.8067 | J24: =J20/J12/12*1000 -> 5720.5327 | L24: =J24-H24 -> 623.72599 | N24: =J24/H24*100 -> 112.23758
A25: директор | F25: =F21/F13/12*1000 -> 35833.333 | H25: =H21/H13/12*1000 -> 46666.667 | J25: =J21/J13/12*1000 -> 40433.333 | L25: =J25-H25 -> -6233.3333 | N25: =J25/H25*100 -> 86.642857
A26: адміністративно-управлінський персонал | F26: =F22/F14/12*1000 -> 9704.3837 | H26: =H22/H14/12*1000 -> 9832.4958 | J26: =J22/J14/12*1000 -> 9774.7997 | L26: =J26-H26 -> -57.696133 | N26: =J26/H26*100 -> 99.41321
A27: працівники | F27: =F23/F15/12*1000 -> 3843.5905 | H27: =H23/H15/12*1000 -> 4379.1028 | J27: =J23/J15/12*1000 -> 5122.4398 | L27: =J27-H27 -> 743.33698 | N27: =J27/H27*100 -> 116.97464
A29: У разі збільшення витрат на оплату праці в плановому році порівняно з установленим рівнем поточного року та фактом попереднього року надаються обґрунтування.
A30: Обґрунтування збільшення витрат на оплату праці в поточному році порівняно з установленим рівнем та фактом попереднього року надаються в пояснювальній записці про фінансово-господарську діяльність ПрАТ “УДП” за 2017 рік
A32: 2. Перелік підприємств, які включені до консолідованого (зведеного) фінансового плану
A33: Код за ЄДРПОУ | B33: Найменування підприємства | F33: Вид діяльності
A34: 1 | B34: 2 | F34: 3
A38: 3. Інформація про бізнес підприємства (код рядка 1000 фінансового плану)
A40: Найменування видів діяльності за КВЕД | D40: План | G40: Факт | J40: Відхилення, +/– | M40: Виконання, % | O40: Зміна ціни одиниці (вартості продукції/ наданих послуг)
D41: чистий дохід від реалізації продукції (товарів, робіт, послуг), тис. гривень | E41: кількість продукції/ наданих послуг, одиниця виміру | F41: ціна одиниці (вартість продукції/ наданих послуг), гривень | G41: чистий дохід від реалізації продукції (товарів, робіт, послуг), тис. гривень | H41: кількість продукції/ наданих послуг, одиниця виміру | I41: ціна одиниці (вартість продукції/ наданих послуг), гривень | J41: чистий дохід від реалізації продукції (товарів, робіт, послуг), тис. гривень | K41: кількість продукції/ наданих послуг, одиниця виміру | L41: ціна одиниці (вартість продукції/ наданих послуг), гривень | M41: чистий дохід від реалізації продукції (товарів, робіт, послуг) | N41: кількість продукції/ наданих послуг
A42: 1 | D42: 2 | E42: 3 | F42: 4 | G42: 5 | H42: 6 | I42: 7 | J42: 8 | K42: 9 | L42: 10 | M42: 11 | N42: 12 | O42: 13
A43: Дiяльнiсть морського вантажного транспорту | D43: 27205 | E43: 390 | F43: - | G43: 16382 | H43: 304.6 | I43: - | J43: =G43-D43 -> -10823 | K43: =H43-E43 -> -85.4 | L43: - | M43: =G43/D43*100 -> 60.216872 | N43: =H43/E43*100 -> 78.102564 | O43: -
A44: Дiяльнiсть вантажного рiчкового транспорту | D44: 480310 | E44: 1150 | F44: - | G44: 501325 | H44: 1091.9 | I44: - | J44: =G44-D44 -> 21015 | K44: =H44-E44 -> -58.1 | L44: - | M44: =G44/D44*100 -> 104.3753 | N44: =H44/E44*100 -> 94.947826 | O44: -
A45: Дiяльнiсть пасажирського рiчкового транспорту | D45: 107305 | E45: 10 | F45: - | G45: 168057 | H45: 15 | I45: - | J45: =G45-D45 -> 60752 | K45: =H45-E45 -> 5 | L45: - | M45: - | N45: - | O45: -
A46: Будування та ремонт суден | D46: 26700 | E46: - | F46: - | G46: 46491.3 | H46: 59 од. | I46: - | J46: =G46-D46 -> 19791.3 | L46: - | M46: =G46/D46*100 -> 174.12472 | N46: - | O46: -
A47: Інші | D47: 35050 | E47: - | F47: - | G47: 48784.7 | H47: - | I47: - | J47: =G47-D47 -> 13734.7 | L47: - | M47: =G47/D47*100 -> 139.18602 | N47: - | O47: -
A48: Усього | D48: =SUM(D43:D47) -> 676570 | E48: - | F48: - | G48: =SUM(G43:G47) -> 781040 | H48: - | I48: - | J48: =SUM(J43:J47) -> 104470 | K48: - | L48: - | M48: =G48/D48*100 -> 115.44112 | N48: - | O48: -
A50: 4. Діючі фінансові зобов'язання підприємства
A52: Найменування банку | B52: Вид кредитного продукту та цільове призначення | D52: Сума, валюта за договорами | F52: Процентна ставка | H52: Дата видачі/погашення (графік) | K52: Заборгованість на останню дату | M52: Забезпечення
A53: 1 | B53: 2 | D53: 3 | F53: 4 | H53: 5 | K53: 6 | M53: 7
A54: ДП АМПУ | B54: зворотна фінансова допомога | D54: 15 000 тис. грн. | H54: 16.12.13 р. | K54: 1950
A55: ПАТ "Укрексімбанк" | B55: відновлювальна кредитна лінія з лімітом 30 млн. грн. | D55: 30 000 тис.грн. | F55: 18,68% річних | H55: 11.04.17 р. | K55: 0 | M55: Майнові права на виручку за договорами
A56: Усього | B56: х | D56: х | F56: х | H56: х | K56: =K54+K55 -> 1950 | M56: х
A58: 5. Інформація щодо отримання та повернення залучених коштів
A60: Зобов'язання | D60: Заборгованість за кредитами на початок звітного періоду | F60: Отримано залучених коштів за звітний період | J60: Повернено залучених коштів за звітний період | N60: Заборгованість на кінець звітного періоду
F61: план | H61: факт | J61: план | L61: факт
A62: 1 | D62: 2 | F62: 3 | H62: 4 | J62: 5 | L62: 6 | N62: 7
A63: Довгострокові зобов'язання, усього
A64: у тому числі:
A65: Короткострокові зобов'язання, усього | D65: =D67 -> 0 | F65: =F67 -> 30000 | H65: =H67 -> 25000 | J65: =J67 -> 30000 | L65: =L67 -> 25000 | N65: =N67 -> 0
A66: у тому числі:
A67: Відновлювальна кредитна лінія з лімітом 30 млн. грн. | D67: 0 | F67: 30000 | H67: 25000 | J67: 30000 | L67: 25000 | N67: =D67+H67-L67 -> 0
A68: Інші фінансові зобов'язання, усього | D68: 5200 | F68: =SUM(F70:G70) -> 0 | H68: =SUM(H70:I70) -> 0 | J68: =SUM(J70:K70) -> 4200 | L68: 3250 | N68: =SUM(N70:O70) -> 1950
A69: у тому числі:
A70: ДП АМПУ | D70: 5200 | F70: 0 | H70: 0 | J70: 4200 | L70: 3250 | N70: =D70+H70-L70 -> 1950
A71: Усього | D71: =D65+D68 -> 5200 | F71: =F65+F68 -> 30000 | H71: =H65+H68 -> 25000 | J71: =J65+J68 -> 34200 | L71: =L65+L68 -> 28250 | N71: =N65+N68 -> 1950

Sheet Продовження інф. до ФП
B2: 6. Витрати, пов'язані з використанням власних службових автомобілів (у складі адміністративних витрат, рядок 1031)
A4: № з/п | B4: Марка | C4: Рік придбання | G4: Мета використання | P4: Витрати, усього | Z4: Відхилення, +/– (факт звітного періоду / план звітного періоду) | AC4: Виконання, % (факт звітного періоду / план звітного періоду)
P5: факт відповідного періоду минулого року | T5: план звітного періоду | W5: факт звітного періоду
A6: 1 | B6: 2 | C6: 3 | G6: 4 | P6: 5 | T6: 6 | W6: 7 | Z6: 8 | AC6: 9
A7: 1 | B7: Volvo 960 6670 СО | C7: 1998 | G7: Службові перевезення | P7: 78.2 | T7: 40.2 | W7: 62.3 | Z7: =W7-T7 -> 22.1 | AC7: =W7/T7 -> 1.5497512
A8: 2 | B8: VW Passat 3436 ЕВ | C8: 1998 | G8: Службові перевезення | P8: 131.4 | T8: 68.7 | W8: 98.3 | Z8: =W8-T8 -> 29.6 | AC8: =W8/T8 -> 1.4308588
A9: 3 | B9: Audi A6 8441 СК | C9: 1999 | G9: Службові перевезення | P9: 163.7 | T9: 83.8 | W9: 163.8 | Z9: =W9-T9 -> 80 | AC9: =W9/T9 -> 1.9546539
A10: 4 | B10: LandCruiser 4171 АО | C10: 2003 | G10: Службові перевезення | P10: 384.5 | T10: 307.1 | W10: 100.7 | Z10: =W10-T10 -> -206.4 | AC10: =W10/T10 -> 0.32790622
A11: 5 | B11: VW Caravella 4632 СІ | C11: 1998 | G11: Мікроавтобус, службові перевезення | P11: 41.9 | T11: 63.7 | W11: 49.3 | Z11: =W11-T11 -> -14.4 | AC11: =W11/T11 -> 0.77394035
A12: 6 | B12: ГАЗель 3221 6850 СМ | C12: 1998 | G12: Мікроавтобус, службові перевезення | P12: 34 | T12: 47.8 | W12: 9 | Z12: =W12-T12 -> -38.8 | AC12: =W12/T12 -> 0.18828452
A13: 7 | B13: Hyundai Sonata 6681 СК | C13: 2006 | G13: Службові перевезення | P13: 158 | T13: 110.3 | W13: 135.8 | Z13: =W13-T13 -> 25.5 | AC13: =W13/T13 -> 1.2311877
A14: 8 | B14: Hyundai Sonata 6682 СК | C14: 2006 | G14: Службові перевезення | P14: 50.6 | T14: 31.8 | W14: 94.5 | Z14: =W14-T14 -> 62.7 | AC14: =W14/T14 -> 2.9716981
A15: 9 | B15: VW Caravella 0689 СР | C15: 1998 | G15: Службові перевезення | P15: 96.2 | T15: 90.2 | W15: 54.2 | Z15: =W15-T15 -> -36 | AC15: =W15/T15 -> 0.60088692
A16: 10 | B16: BMW 316 7856 СА | C16: 1997 | G16: Службові перевезення | P16: 53 | T16: 52.4 | W16: 14.8 | Z16: =W16-T16 -> -37.6 | AC16: =W16/T16 -> 0.28244275
A17: 11 | B17: VW Passat 3452 ЕВ | C17: 1994 | G17: Службові перевезення | P17: 8.1 | T17: 16.1 | W17: 36.1 | Z17: =W17-T17 -> 20 | AC17: =W17/T17 -> 2.242236
A18: 13 | B18: Mercedes 6690 СМ | C18: 1998 | G18: Мікроавтобус, службові перевезення | P18: 18.6 | T18: 31 | W18: 23.2 | Z18: =W18-T18 -> -7.8 | AC18: =W18/T18 -> 0.7483871
... A20: 15 | B20: Toyota Prado 2626 СО | C20: 2003 | G20: Службові перевезення | P20: 243.3 | T20: 188.1 | W20: 230.1 | Z20: =W20-T20 -> 42 | AC20: =W20/T20 -> 1.2232855
A21: 16 | B21: Daewoo Espero 2963 ЕЕ | C21: 1998 | G21: Службові перевезення | P21: 0 | T21: 14.3 | W21: 0,0 | Z21: =W21-T21 -> -14.3 | AC21: =W21/T21 -> 0
A22: 17 | B22: Toyota 5200ЕН | G22: Службові перевезення | P22: 0 | T22: 59.3 | W22: 0 | Z22: =W22-T22 -> -59.3 | AC22: =W22/T22 -> 0
A23: 18 | B23: "Mitsubishi Pajero", Mercedes E200 7509 ВЕ, VW | G23: Службові перевезення (КСБСРЗ) | P23: 139.6 | T23: 80 | W23: 218.7 | Z23: =W23-T23 -> 138.7 | AC23: =W23/T23 -> 2.73375
A24: 19 | B24: Газель 4696 ВН | G24: Службові перевезення | P24: 25.4 | T24: 42.6 | W24: 30.3 | Z24: =W24-T24 -> -12.3 | AC24: =W24/T24 -> 0.71126761
A25: 20 | B25: Mitsubishi Pajero 5200 СО | G25: Службові перевезення | P25: 83.1 | T25: 44.7 | W25: 3.1 | Z25: =W25-T25 -> -41.6 | AC25: =W25/T25 -> 0.06935123
A26: 21 | B26: Daewoo 4963 ВН | G26: Службові перевезення | P26: 48 | T26: 0,0 | W26: 27.5 | Z26: =W26-T26 -> 27.5 | AC26: -
A27: 22 | B27: Toyota Prado 2655 СО | G27: Службові перевезення | P27: 0 | T27: 0 | W27: 22.6 | Z27: =W27-T27 -> 22.6 | AC27: -
A28: 23 | B28: Toyota 6330 АА | G28: Службові перевезення | P28: 0 | T28: 0 | W28: 10.9 | Z28: =W28-T28 -> 10.9 | AC28: -
A29: 24 | B29: VW 2687 АА | G29: Службові перевезення | P29: 0 | T29: 0 | W29: 9.3 | Z29: =W29-T29 -> 9.3 | AC29: -
A30: 25 | B30: Daewoo 435-93 ОА | G30: Службові перевезення | P30: 0 | T30: 0 | W30: 42.7 | Z30: =W30-T30 -> 42.7 | AC30: -
A31: 26 | B31: Інші | G31: Службові перевезення | P31: =2.8+0.5 -> 3.3 | T31: 0 | W31: 4 | Z31: =W31-T31 -> 4 | AC31: -
A32: Усього | P32: =SUM(P7:S31) -> 1817.2 | T32: =SUM(T7:V31) -> 1420 | W32: =SUM(W7:Y31) -> 1480.6 | Z32: =W32-T32 -> 60.6 | AC32: =W32/T32 -> 1.0426761
B34: 7. Витрати на оренду службових автомобілів (у складі адміністративних витрат, рядок 1032)
A36: № з/п | B36: Договір | C36: Марка | G36: Мета використання | Q36: Дата початку оренди | V36: Витрати, усього | AB36: Відхилення, +/– (факт звітного періоду / план звітного періоду) | AD36: Виконання, % (факт звітного періоду / план звітного періоду)
V37: факт відповідного періоду минулого року | X37: план звітного періоду | Z37: факт звітного періоду
A38: 1 | B38: 2 | C38: 3 | G38: 4 | Q38: 5 | V38: 6 | X38: 7 | Z38: 8 | AB38: 9 | AD38: 10
A39: 1 | V39: 0 | X39: 0,0 | Z39: 0,0 | AB39: 0,0 | AD39: 0,0
V40: 0,0 | X40: 0,0 | Z40: 0,0 | AB40: 0,0 | AD40: 0,0
A41: Усього | V41: 0,0 | X41: 0,0 | Z41: 0,0 | AB41: 0,0 | AD41: 0,0
B44: 8. Джерела капітальних інвестицій
AC45: тис. гривень (без ПДВ)
A46: № з/п | B46: Найменування об’єкта | L46: Залучення кредитних коштів | P46: Бюджетне фінансування | T46: Власні кошти (розшифрувати) | X46: Інші джерела (розшифрувати) | AB46: Усього
L47: план | M47: факт | N47: відхилення, +/– | O47: виконання, % | P47: план | Q47: факт | R47: відхилення, +/– | S47: виконання, % | T47: план | U47: факт | V47: відхилення, +/– | W47: виконання, % | X47: план | Y47: факт | Z47: відхилення, +/– | AA47: виконання, % | AB47: план | AC47: факт | AD47: відхилення, +/– | AE47: виконання, %
A48: 1 | B48: 2 | L48: 3 | M48: 4 | N48: 5 | O48: 6 | P48: 7 | Q48: 8 | R48: 9 | S48: 10 | T48: 11 | U48: 12 | V48: 13 | W48: 14 | X48: 15 | Y48: 16 | Z48: 17 | AA48: 18 | AB48: 19 | AC48: 20 | AD48: 21 | AE48: 22
A49: I | B49: Капітальне будівництво | L49: - | M49: - | N49: - | O49: - | P49: - | Q49: - | R49: - | S49: - | T49: =SUM(T50:T50) -> 5000 | U49: =SUM(U50:U50) -> 9433.1 | V49: =U49-T49 -> 4433.1 | W49: =U49/T49*100 -> 188.662 | X49: - | Y49: - | Z49: - | AA49: - | AB49: 0 | AC49: 4660 | AD49: =V49 -> 4433.1 | AE49: =W49 -> 188.662
A50: 1 | B50: Капітальне будівництво баржі типу SLG на КСБСРЗ | L50: - | M50: - | N50: - | O50: - | P50: - | Q50: - | R50: - | S50: - | T50: 5000 | U50: 9433.1 | V50: =U50-T50 -> 4433.1 | W50: =U50/T50*100 -> 188.662 | X50: - | Y50: - | Z50: - | AA50: - | AB50: 0 | AC50: 4660 | AD50: =V50 -> 4433.1 | AE50: =W50 -> 188.662
A51: II | B51: Придбання (виготовлення) основних засобів | L51: - | M51: - | N51: - | O51: - | P51: - | Q51: - | R51: - | S51: - | T51: =SUM(T52:T56) -> 6215 | U51: =SUM(U52:U56) -> 13538.9 | V51: =U51-T51 -> 7323.9 | W51: =U51/T51*100 -> 217.84232 | X51: - | Y51: - | Z51: - | AA51: - | AB51: 2340 | AC51: 6649 | AD51: =V51 -> 7323.9 | AE51: =W51 -> 217.84232
A52: 1 | B52: Придбання засобів зв'язку та електрорадіонавігаційного обладнання для флоту | L52: - | M52: - | N52: - | O52: - | P52: - | Q52: - | R52: - | S52: - | T52: 3735 | U52: 5943.7 | V52: =U52-T52 -> 2208.7 | W52: =U52/T52*100 -> 159.13521 | X52: - | Y52: - | Z52: - | AA52: - | AB52: 1470 | AC52: 3576.8 | AD52: =V52 -> 2208.7 | AE52: =W52 -> 159.13521
A53: 2 | B53: Придбання оргтехніки | L53: - | M53: - | N53: - | O53: - | P53: - | Q53: - | R53: - | S53: - | T53: 640 | U53: 2708.9 | V53: =U53-T53 -> 2068.9 | W53: =U53/T53*100 -> 423.26562 | X53: - | Y53: - | Z53: - | AA53: - | AB53: 205 | AC53: 1728.5 | AD53: =V53 -> 2068.9 | AE53: =W53 -> 423.26562
A54: 3 | B54: Побутова техніка для флоту (на виконання вимог СЕС) | L54: - | M54: - | N54: - | O54: - | P54: - | Q54: - | R54: - | S54: - | T54: 1000 | U54: 3082.2 | V54: =U54-T54 -> 2082.2 | W54: =U54/T54*100 -> 308.22 | X54: - | Y54: - | Z54: - | AA54: - | AB54: 300 | AC54: 1189.3 | AD54: =V54 -> 2082.2 | AE54: =W54 -> 308.22
A55: 4 | B55: Придбання систем моніторингу витрати палива для 2 річкових суден | L55: - | M55: - | N55: - | O55: - | P55: - | Q55: - | R55: - | S55: - | T55: 285 | U55: 150.9 | V55: =U55-T55 -> -134.1 | W55: =U55/T55*100 -> 52.947368 | X55: - | Y55: - | Z55: - | AA55: - | AB55: 140 | AC55: 0 | AD55: =V55 -> -134.1 | AE55: =W55 -> 52.947368
A56: 6 | B56: Придбання іншого обладнання | L56: - | M56: - | N56: - | O56: - | P56: - | Q56: - | R56: - | S56: - | T56: 555 | U56: 1653.2 | V56: =U56-T56 -> 1098.2 | W56: =U56/T56*100 -> 297.87387 | X56: - | Y56: - | Z56: - | AA56: - | AB56: 225 | AC56: 154.4 | AD56: =V56 -> 1098.2 | AE56: =W56 -> 297.87387
A57: III | B57: Придбання (виготовлення) інших необоротних матеріальних активів | L57: - | M57: - | N57: - | O57: - | P57: - | Q57: - | R57: - | S57: - | T57: 0 | U57: 0 | V57: =U57-T57 -> 0 | W57: - | X57: - | Y57: - | Z57: - | AA57: - | AB57: 0 | AC57: 0 | AD57: =V57 -> 0 | AE57: =W57 -> -
A58: IV | B58: Придбання (створення) нематеріальних активів | L58: - | M58: - | N58: - | O58: - | P58: - | Q58: - | R58: - | S58: - | T58: =SUM(T59:T60) -> 3505 | U58: =SUM(U59:U59) -> 176 | V58: =U58-T58 -> -3329 | W58: =U58/T58*100 -> 5.021398 | X58: - | Y58: - | Z58: - | AA58: - | AB58: 975 | AC58: 46 | AD58: =V58 -> -3329 | AE58: =W58 -> 5.021398
A59: 1 | B59: Придбання іншого ліцензійного програмного забезпечення (у тому числі електронні карти для суден) | L59: - | M59: - | N59: - | O59: - | P59: - | Q59: - | R59: - | S59: - | T59: 3075 | U59: 176 | V59: =U59-T59 -> -2899 | W59: =U59/T59*100 -> 5.7235772 | X59: - | Y59: - | Z59: - | AA59: - | AB59: 760 | AC59: 46 | AD59: =V59 -> -2899 | AE59: =W59 -> 5.7235772
A60: 2 | B60: Придбання програмного забезпечення для тренажрів РТЛ та ГМССБ (учбовий центр) | L60: - | M60: - | N60: - | O60: - | P60: - | Q60: - | R60: - | S60: - | T60: 430 | U60: 0 | V60: =U60-T60 -> -430 | W60: =U60/T60*100 -> 0 | X60: - | Y60: - | Z60: - | AA60: - | AB60: 215 | AC60: 0 | AD60: =V60 -> -430 | AE60: =W60 -> 0
A61: V | B61: Модернізація, модифікація (добудова, дообладнання, реконструкція) основних засобів | L61: - | M61: - | N61: - | O61: - | P61: - | Q61: - | R61: - | S61: - | T61: =SUM(T62:T64) -> 5900 | U61: =SUM(U62:U64) -> 0 | V61: =U61-T61 -> -5900 | W61: - | X61: - | Y61: - | Z61: - | AA61: - | AB61: 0 | AC61: 0 | AD61: =V61 -> -5900 | AE61: =W61 -> -
A62: 1 | B62: Модернізація річкових буксирів із заміною силової енергетичної установки | L62: - | M62: - | N62: - | O62: - | P62: - | Q62: - | R62: - | S62: - | T62: 5000 | U62: 0 | V62: =U62-T62 -> -5000 | W62: - | X62: - | Y62: - | Z62: - | AA62: - | AB62: 0 | AC62: 0 | AD62: =V62 -> -5000 | AE62: =W62 -> -
A63: 2 | B63: Модернізація системи опалення адмінбудови | L63: - | M63: - | N63: - | O63: - | P63: - | Q63: - | R63: - | S63: - | T63: 0 | U63: 0 | V63: =U63-T63 -> 0 | W63: - | X63: - | Y63: - | Z63: - | AA63: - | AB63: 0 | AC63: 0 | AD63: =V63 -> 0 | AE63: =W63 -> -
A64: 3 | B64: Ренновація пасажирського флоту | L64: - | M64: - | N64: - | O64: - | P64: - | Q64: - | R64: - | S64: - | T64: 900 | U64: 0 | V64: =U64-T64 -> -900 | W64: - | X64: - | Y64: - | Z64: - | AA64: - | AB64: 0 | AC64: 0 | AD64: =V64 -> -900 | AE64: =W64 -> -
A65: VI | B65: Капітальний ремонт | L65: - | M65: - | N65: - | O65: - | P65: - | Q65: - | R65: - | S65: - | T65: =SUM(T66:T67) -> 400 | U65: =SUM(U66:U68) -> 1495 | V65: =U65-T65 -> 1095 | W65: =U65/T65*100 -> 373.75 | X65: - | Y65: - | Z65: - | AA65: - | AB65: 200 | AC65: 375 | AD65: =V65 -> 1095 | AE65: =W65 -> 373.75
A66: 1 | B66: Капітальний ремонт та модернізація машини газокисневого різання типу "ТЕЛЕРЕКС ТКСА 60 Н-1600" | L66: - | M66: - | N66: - | O66: - | P66: - | Q66: - | R66: - | S66: - | T66: 0 | U66: 1074 | V66: =U66-T66 -> 1074 | W66: 0 | X66: - | Y66: - | Z66: - | AA66: - | AB66: 0 | AC66: 0 | AD66: =V66 -> 1074 | AE66: =W66 -> 0
A67: 2 | B67: Капітальний ремонт берегових споруд | L67: - | M67: - | N67: - | O67: - | P67: - | Q67: - | R67: - | S67: - | T67: 400 | U67: 74 | V67: =U67-T67 -> -326 | W67: =U67/T67*100 -> 18.5 | X67: - | Y67: - | Z67: - | AA67: - | AB67: 200 | AC67: 28 | AD67: =V67 -> -326 | AE67: =W67 -> 18.5
A68: 3 | B68: Капітальний ремонт т/х "Зенит" | L68: - | M68: - | N68: - | O68: - | P68: - | Q68: - | R68: - | S68: - | T68: 0 | U68: 347 | V68: =U68-T68 -> 347 | W68: - | X68: - | Y68: - | Z68: - | AA68: - | AB68: 0 | AC68: 347 | AD68: =V68 -> 347 | AE68: =W68 -> -
A69: Усього | L69: - | M69: - | N69: - | O69: - | P69: - | Q69: - | R69: - | S69: - | T69: =T49+T51+T57+T58+T61+T65 -> 21020 | U69: =U49+U51+U57+U58+U61+U65 -> 24643 | V69: =U69-T69 -> 3623 | W69: =U69/T69*100 -> 117.23597 | X69: - | Y69: - | Z69: - | AA69: - | AB69: 3515 | AC69: 11730 | AD69: =V69 -> 3623 | AE69: =W69 -> 117.23597
A70: Відсоток | L70: - | M70: - | N70: - | O70: - | P70: - | Q70: - | R70: - | S70: - | T70: - | U70: - | V70: - | W70: - | X70: - | Y70: - | Z70: - | AA70: - | AB70: - | AC70: - | AD70: - | AE70: -
B73: 9. Капітальне будівництво (рядок 4010 таблиці 4)
AC74: тис. гривень (без ПДВ)
A75: № | B75: Найменування об’єктів | C75: Рік початку і закінчення будівництва | E75: Загальна кошторисна вартість | G75: Первісна балансова вартість введених потужностей на початок звітного періоду | I75: Незавершене будівництво на початок звітного періоду | K75: Звітний період (2017 р.) | U75: Інформація щодо проектно-кошторисної документації (стан розроблення, затвердження, у разі затвердження зазначити орган, яким затверджено, та відповідний документ) | Z75: Документ, яким затверджений титул будови, із зазначенням органу, який його погодив
K76: освоєння капітальних вкладень | M76: фінансування капітальних інвестицій (оплата грошовими коштами), усього | O76: у тому числі
O77: власні кошти | Q77: кредитні кошти | S77: інші джерела (зазначити джерело)
A78: 1 | B78: 2 | C78: 3 | E78: 4 | G78: 5 | I78: 6 | K78: 7 | M78: 8 | O78: 9 | Q78: 10 | S78: 11 | U78: 12 | Z78: 13
A79: 1 | B79: Баржа UDP-SLG-021 | C79: 2017 | E79: 5000 | G79: - | I79: - | K79: 9433.1 | M79: =O79 -> 9433.1 | O79: 9433.1 | Q79: - | S79: - | U79: - | Z79: -
A81: Усього
B84: Керівник
B85: В.о. голови Правління ПрАТ "УДП" | Q85: Н.О. Караджа
B86: (посада) | G86: (підпис) | Q86: (ініціали, прізвище)
